Workbook
Name asfalto: #REF!
Name asfalto: #REF!
Name asfalto: #REF!
Name asfalto: #REF!
Name asfalto: #REF!
Name asfalto: #REF!
Name asfalto: #REF!
Name asfalto: #REF!
Name asfalto: #REF!
Name asfalto: #REF!
Name asfalto: #REF!
Name asfalto: #REF!
Name asfalto: #REF!
Name asfalto: #REF!
Name asfalto: #REF!
Name asfalto: #REF!
Name asfalto: #REF!
Name asfalto: #REF!
Name asfalto: #REF!
Name asfalto: #REF!
Name asfalto: #REF!
Name asfalto: #REF!
Name asfalto: #REF!
Name asfalto: #REF!
Name asfalto: #REF!
Name asfalto: #REF!
Name asfalto: #REF!
Name asfalto: #REF!
Name asfalto: #REF!
Name asfalto: #REF!
Name asfalto: #REF!
Name asfalto: #REF!
Name asfalto: #REF!
Name asfalto: #REF!
Name asfalto: #REF!
Name asfalto: #REF!
Name asfalto: #REF!
Name asfalto: #REF!
Name CANT_COMIDA: #REF!
Name CANT_COMIDA: #REF!
Name CANT_COMIDA: #REF!
Name CANT_COMIDA: #REF!
Name CANT_COMIDA: #REF!
Name CANT_COMIDA: #REF!
Name CANT_COMIDA: #REF!
Name CANT_COMIDA: #REF!
Name CANT_COMIDA: #REF!
Name CANT_COMIDA: #REF!
Name CANT_COMIDA: #REF!
Name CANT_COMIDA: #REF!
Name CANT_COMIDA: #REF!
Name CANT_COMIDA: #REF!
Name CANT_COMIDA: #REF!
Name CANT_COMIDA: #REF!
Name CANT_COMIDA: #REF!
Name CANT_COMIDA: #REF!
Name CANT_COMIDA: #REF!
Name CANT_COMIDA: #REF!
Name CANT_COMIDA: #REF!
Name CANT_COMIDA: #REF!

Sheet Presupuesto Oficial
A1: OBRA: SERVICIO DE REFACCIÓN Y REACONDICIONAMIENTO DE LA INFRAESTRUCTURA EDILICIA
A2: LÍNEA SARMIENTO
A4: PLANILLA DE COTIZACIÓN (Valor Indicativo)
A6: Item | B6: Rubro | C6: Unid. | D6: Cantidad | E6: Precio Unitario | F6: Precio Total
A7: 1 | B7: CONSTRUCCIONES EN SECO (Materiales y mano de obra)
A8: 1.1 | B8: Tabiques y cielorrasos
A9: 1.1.1 | B9: Pared tabique de 10cm de espesor (placa de 12.5 Mm.) | C9: m2 | D9: 300 | E9: 338.07 | F9: =D9*E9 -> 101421
A10: 1.1.2 | B10: Cielorrasos suspendido o medio tabique (placa de 12.5 Mm.) | C10: m2 | D10: 350 | E10: 224.77 | F10: =D10*E10 -> 78669.5
A11: 2 | B11: CONTRAPISOS Y CARPETAS (Materiales y mano de obra en reparaciones)
A12: 2.1 | B12: Bajo piso de mosaicos y plásticos
A13: 2.11 | B13: Horm.de cascotes sobre losa, esp 8cm. . Reparación | C13: m2 | D13: 550 | E13: 110.97 | F13: =D13*E13 -> 61033.5
A14: 2.12 | B14: Horm.de arcilla exp.en loc.sanit. Esp. 18cm. | C14: m2 | D14: 140 | E14: 574.71 | F14: =D14*E14 -> 80459.4
A15: 2.2 | B15: Bajo piso de parquet
A16: 2.2.1 | B16: Horm.de arcilla exp.en sobre losas Esp. 10cm. Reparación | C16: m2 | D16: 250 | E16: 203.68 | F16: =D16*E16 -> 50920
A17: 2.2.2 | B17: Carpeta de concreto. Reparación | C17: m2 | D17: 400 | E17: 98.96 | F17: =D17*E17 -> 39584
A18: 3 | B18: PINTURA (Materiales y mano de obra)
A19: 3.1 | B19: De Muros Interiores de revoque fino
A20: 3.1.1 | B20: Al látex con enduido | C20: m2 | D20: 1200 | E20: 82.59 | F20: =D20*E20 -> 99108
A21: 3.2 | B21: De Muros Exteriores
A22: 3.2.2 | B22: Al látex acrílico | C22: m2 | D22: 1000 | E22: 45.69 | F22: =D22*E22 -> 45690
A23: 3.3 | B23: De Cielorraso de yeso
A24: 3.3.1 | B24: Al látex (enduido 2 manos, fijador y 3 de látex) | C24: m2 | D24: 500 | E24: 105.35 | F24: =D24*E24 -> 52675
A25: 3.4 | B25: De Carpinterías de madera
A26: 3.4.1 | B26: Esmalte o barniz sintético mate, semimate o brillante. | C26: m2 | D26: 650 | E26: 113 | F26: =D26*E26 -> 73450
A27: 3.4.2 | B27: Retiro total de pintura existente y lustrado mate, semimate o brillante | C27: m2 | D27: 230 | E27: 141.65 | F27: =D27*E27 -> 32579.5
A28: 3.4.3 | B28: Sellado, encerado y trapeado | C28: m2 | D28: 200 | E28: 130.68 | F28: =D28*E28 -> 26136
A29: 3.5 | B29: De Carpinterías Metálica
A30: 3.5.1 | B30: Convertidor sintético mate, semimate o brillante. | C30: m2 | D30: 380 | E30: 117.44 | F30: =D30*E30 -> 44627.2
A31: 4 | B31: REVOQUES (Materiales y mano de obra)
A32: 4.1 | B32: Grueso
A33: 4.1.1 | B33: En interiores. Reparación | C33: m2 | D33: 800 | E33: 109.45 | F33: =D33*E33 -> 87560
A34: 4.1.1 | B34: En exteriores. Reparación | C34: m2 | D34: 650 | E34: 123.72 | F34: =D34*E34 -> 80418
A35: 4.2 | B35: Finos a la cal esp. 5 Mm.
A36: 4.2.1 | B36: En exteriores | C36: m2 | D36: 500 | E36: 265.14 | F36: =D36*E36 -> 132570
A37: 4.2.2 | B37: En interiores | C37: m2 | D37: 700 | E37: 217.16 | F37: =D37*E37 -> 152012
A38: 4.3 | B38: Completos
A39: 4.3.1 | B39: Terminación Interior a la cal fina, fratasado al fieltro | C39: m2 | D39: 500 | E39: 192.1 | F39: =D39*E39 -> 96050
A40: 5 | B40: PISOS (Mano de obra, desmonte, emprolijado de bordes, materiales de asiento, pulido y empastinado)
A41: 5.1 | B41: Mosaicos
A42: 5.1.1 | B42: Veredas - Reparaciones | C42: m2 | D42: 400 | E42: 181.5 | F42: =D42*E42 -> 72600
A43: 5.2 | B43: Cerámicos
A44: 5.2.1 | B44: Cerámicos o porcellanatos | C44: m2 | D44: 450 | E44: 210.94 | F44: =D44*E44 -> 94923
A45: 5.3 | B45: Pulidos (Materiales y mano de obra)
A46: 5.3.1 | B46: Piso de madera | C46: m2 | D46: 250 | E46: 73.72 | F46: =D46*E46 -> 18430
A47: 5.3.2 | B47: Limpieza, Pulido,y lustrado de marmoles, granitos y pinoteas | C47: m2 | D47: 200 | E47: 98.33 | F47: =D47*E47 -> 19666
A48: 5.4 | B48: Alfombras
A49: 5.4.1 | B49: Masa niveladora | C49: m2 | D49: 200 | E49: 114.71 | F49: =D49*E49 -> 22942
A50: 5.4.2 | B50: Alfombra Melller o similar base doble de yute h=7,5mm | C50: m2 | D50: 200 | E50: 307.83 | F50: =D50*E50 -> 61566
A51: 5.5 | B51: Pisos de cemento (Mano de obra y materiales)
A52: 5.5.1 | B52: Piso de cemento alisado | C52: m2 | D52: 370 | E52: 77.52 | F52: =D52*E52 -> 28682.4
A53: 6 | B53: REVESTIMIENTOS (picado, emprolijado bordes, colocación, material de aporte y empastinado)
A54: 6.1 | B54: Cerámicos | C54: m2 | D54: 350 | E54: 248.77 | F54: =D54*E54 -> 87069.5
A55: 7 | B55: VIDRIOS (Materiales y mano de obra)
A56: 7.1 | B56: Float 4mm traslucido Austral | C56: m2 | D56: 90 | E56: 499.13 | F56: =D56*E56 -> 44921.7
A57: 8 | B57: ZÓCALOS (Mano de obra, retiro de lo existente y material de aporte)
A58: 8.1 | B58: Madera 3/4"x 3"en pino paraná o brasil | C58: ml | D58: 240 | E58: 58.07 | F58: =D58*E58 -> 13936.8
A59: 9 | B59: INSTALACIÓN ELÉCTRICA (Materiales y mano de obra)
A60: 9.1 | B60: Instalaciones eléctricas de primera calidad, 50 a 200 bocas, conducto unipolar; material y mano de obra sin colocación de artefactos. | C60: boca | D60: 150 | E60: 1859.17 | F60: =D60*E60 -> 278875.5
A61: 9.2 | B61: Colocación de tomas, teclas y tapas | C61: boca | D61: 150 | E61: 726.7 | F61: =D61*E61 -> 109005
A62: 9.3 | B62: Provisión y colocación de artefactos de colgar para oficina de dos tubos. | C62: boca | D62: 60 | E62: 673.72 | F62: =D62*E62 -> 40423.2
A63: 10 | B63: CARPINTERIAS
A64: 10.1 | B64: Puertas de madera
A65: 10.1.1 | B65: Ajuste y reparación de puertas, marcos y contramarcos de madera | C65: unid. | D65: 30 | E65: 195.17 | F65: =D65*E65 -> 5855.1
A66: 10.1.2 | B66: Ajuste de herrajes y frenos | C66: unid. | D66: 20 | E66: 145.79 | F66: =D66*E66 -> 2915.8
A67: 10.2 | B67: Ventanas de madera
A68: 10.2.1 | B68: Ajuste de ventanas y marcos | C68: unid. | D68: 30 | E68: 125.71 | F68: =D68*E68 -> 3771.3
A69: 11 | B69: CUBIERTAS (Materiales, mano de obra, aislación hidrófuga)
A70: 11.1 | B70: Metálicas
A71: 11.1.1 | B71: Reparación de cubierta | C71: m2 | D71: 700 | E71: 122.82 | F71: =D71*E71 -> 85974
A72: 11.1.2 | B72: Reemplazo de chapas metálicas | C72: m2 | D72: 400 | E72: 307.72 | F72: =D72*E72 -> 123088
A73: 11.2 | B73: De tejas
A74: 11.2.1 | B74: Reparación de techos de tejas | C74: m2 | D74: 350 | E74: 601.76 | F74: =D74*E74 -> 210616
A75: 11.3 | B75: Losas de H°A°
A76: 11.3.1 | B76: Reparación e impermeabilizacióón de techos de H° A° | C76: m2 | D76: 600 | E76: 70.85 | F76: =D76*E76 -> 42510
A77: 11.3.2 | B77: Reemplazo de membranas asfálticas | C77: m2 | D77: 500 | E77: 161.67 | F77: =D77*E77 -> 80835
A78: 12 | B78: INSTALACIONES SANITARIAS Y TRABAJOS DE PLOMERÍA
A79: 12.1 | B79: Provisión e instalación de artefactos y griferías en núcleo sanitario | C79: unid. | D79: 10 | E79: 19378.52 | F79: =D79*E79 -> 193785.2
A80: 12.2 | B80: Instalaciones internas de núcleo sanitario | C80: unid. | D80: 10 | E80: 20217.93 | F80: =D80*E80 -> 202179.3
A81: 12.3 | B81: Desobstruccion de baño hasta cloaca o columna (6m) | C81: unid. | D81: 14 | E81: 272.57 | F81: =D81*E81 -> 3815.98
A82: 12.4 | B82: Reemplazo de cañería de agua fría | C82: m | D82: 160 | E82: 400.61 | F82: =D82*E82 -> 64097.6
A83: 13 | B83: DESAGÜES PLUVIALES
A84: 13.1 | B84: Desagües y zinguerías
A85: 13.1.1 | B85: Destape y limpieza | C85: ml | D85: 550 | E85: 34.61 | F85: =D85*E85 -> 19035.5
A86: 13.1.2 | B86: Reparación y/o reemplazo | C86: ml | D86: 350 | E86: 273.9 | F86: =D86*E86 -> 95865
A87: 14 | B87: DEMOLICIONES
A88: 14.1 | B88: De mamostería | C88: m2 | D88: 70 | E88: 56.37 | F88: =D88*E88 -> 3945.9
A89: 14.2 | B89: De revestimientos | C89: m2 | D89: 400 | E89: 49.65 | F89: =D89*E89 -> 19860
A90: 14.3 | B90: De pisos | C90: m2 | D90: 600 | E90: 64.87 | F90: =D90*E90 -> 38922
A91: 15 | B91: ALBAÑILERÍA
A92: 15.1 | B92: Mampostería lad. común 0,15 | C92: m2 | D92: 150 | E92: 441.43 | F92: =D92*E92 -> 66214.5
A93: 15.2 | B93: Mampostería lad. hueco 0,12 | C93: m2 | D93: 200 | E93: 289.31 | F93: =D93*E93 -> 57862
A94: 15.3 | B94: Mampostería lad. hueco 0,08 | C94: m2 | D94: 300 | E94: 217.92 | F94: =D94*E94 -> 65376
A95: 16 | B95: AISLACIONES HIDRÓFUGAS
A96: 16.1 | B96: Horizontal bajo locales húmedos | C96: m2 | D96: 200 | E96: 312.5 | F96: =D96*E96 -> 62500
A97: 16.2 | B97: Azotado bajo revestimiento sanitario | C97: m2 | D97: 150 | E97: 330.58 | F97: =D97*E97 -> 49587
B99: TOTAL SIN IVA | F99: =SUM(F9:F97) -> 3726615.4

Sheet Ap. RUTA NACIONAL 16
A4: OBRA: | B4: CONSTRUCCIÓN DE APEADEROS DEL SERVICIO SAENZ PEÑA - CHOROTIS
B5: Ap. RUTA NACIONAL 16
B7: LÍNEA BELGRANO
A8: PLANILLA DE COTIZACIÓN
A10: Item | B10: Rubro | C10: Unid. | D10: Cantidad | E10: Precio Unitario | F10: Precio Total
A11: 1 | B11: TAREAS PREVIAS
A12: 1.1 | B12: Obrador | C12: gl | D12: 1 | F12: =+D12*E12 -> 0
A13: 1.2 | B13: Limpieza, demoliciones, vallado, señalización | C13: gl | D13: 1 | F13: =+D13*E13 -> 0
A14: 2 | B14: INGENIERÍA DE OBRA, PROYECTO EJECUTIVO
A15: 2.1 | B15: Proyecto Ejecutivo | C15: m2 | D15: =+D18+D21+D24 -> 202.77 | F15: =+D15*E15 -> 0
A16: 2.2 | B16: Documentación Conforme a Obra | C16: m2 | D16: =+D15 -> 202.77 | F16: =+D16*E16 -> 0
A17: 3 | B17: REFUGIO
A18: 3.1 | B18: Fabricación e instalación del nuevo refugio | C18: m2 | D18: 32.67 | F18: =+D18*E18 -> 0 | I18: ancho | J18: largo
A19: 3.2 | B19: Ejecucion de bases de hormigon | C19: Un | D19: 4
A20: 4 | B20: ANDENES
A21: 4.1 | B21: Construcción de anden nuevo | C21: m2 | D21: =3*40.5 -> 121.5 | F21: =+D21*E21 -> 0 | J21: =+#REF! -> #REF! | K21: =+J21*D21 -> #REF!
A22: 4.2 | B22: Bordes y solados reglamentarios en andenes | C22: m2 | D22: =40.5*1.5*1.2 -> 72.9 | F22: =+D22*E22 -> 0
A23: 4.3 | B23: Contrapiso de hormigon pobre - esp. 10 cm | C23: m2 | D23: =3*40.5 -> 121.5
A24: 4.4 | B24: Terminacion en cemento alisado al fieltro | C24: m2 | D24: =+D23-D22 -> 48.6
A25: 4.5 | B25: Mamposteria de cierre (incluye revoques grueso y fino exterior, aislaciones y pintura) | C25: m2 | D25: =2*(40.5+3)*0.5 -> 43.5
A26: 5 | B26: BARANDAS METALICAS | F26: 0
A27: 5.1 | B27: Barandas metalicas perimetrales en anden (incluye relleno de Hºpobre en parantes, Pintura y placas de anclaje) | C27: ml | D27: =40.5+2*3-1.1 -> 45.4
A28: 5.2 | B28: Baranda - pasamanos en Rampa de acceso (incluye relleno de Hºpobre en parantes, Pintura y placas de anclaje) | C28: ml | D28: =12.05*2 -> 24.1
A29: 6 | B29: MOBILIARIOS | F29: =+D29*E29 -> 0 | H29: =+G29/D21 -> 0 | J29: =1520/400 -> 3.8
A30: 6.1 | B30: Provision e Instalacion de mobiliarios | C30: Un | D30: 3
A31: 6.2 | B31: Provision e Instalacion de cestos de residuos | C31: Un | D31: 3
A32: 7 | B32: CARTELERIA | F32: =+D32*E32 -> 0 | H32: =+G32/D24 -> 0 | J32: =1520/400 -> 3.8
A33: 7.1 | B33: Provision e instalacion de cartel de estacion | C33: Un | D33: 1
A34: 7.2 | B34: Provision e instalacion de cartel de recorrido y horarios | C34: Un | D34: 2
A35: 8 | B35: INSTALACIÓN ELÉCTRICA E ILUMINACIÓN
A36: 8.1 | B36: Provisión e instalación de columnas y artefactos de iluminación tipo vial – Plaquetas LED | C36: U | D36: 3 | F36: =+D36*E36 -> 0
A37: 8.2 | B37: Provisión y colocación de artefactos de iluminación en refugios y sector cerrado. | C37: U | D37: 18 | F37: 0
A38: 8.3 | B38: Tendido Electrico | C38: ml | D38: =121+30 -> 151 | F38: 0
A39: 8.4 | B39: Tablero Central | C39: Un | D39: 1
A40: 9 | B40: ACCESOS | J40: =1126/400 -> 2.815
A41: 9.1 | B41: Ejecución de sendero de acceso | C41: m2 | D41: 125.2 | F41: =+E41*D41 -> 0
A42: 9.2 | B42: Ejecución rampa para personas con movilidad reducida | C42: Un | D42: 1 | F42: =+E42*D42 -> 0
A43: 9.3 | B43: Ejecucion de Pasos Peatonales y Laberintos | C43: Un | D43: 1 | F43: 0
A44: 9.4 | B44: Ejecucion de Cerco Romboidal | C44: ml | D44: =149.4+85.34+1 -> 235.74 | F44: 0
B45: SUBTOTAL SIN IVA | F45: =SUM(F12:F43) -> 0 | K45: =+F45-F21+K21 -> #REF!
B46: IVA 21% | F46: =0.21*F45 -> 0
B47: TOTAL | F47: =+F45+F46 -> 0 | H47: 0.06 | I47: 1
H48: 0.35 | I48: =+H48*I47/H47 -> 5.8333333
I49: =46.04+0.12 -> 46.16

Sheet Ap. CAMPO LARGO
A4: OBRA: | B4: CONSTRUCCIÓN DE APEADEROS DEL SERVICIO SAENZ PEÑA - CHOROTIS
B5: Ap. CAMPO LARGO
B7: LÍNEA BELGRANO
A8: PLANILLA DE COTIZACIÓN
A10: Item | B10: Rubro | C10: Unid. | D10: Cantidad | E10: Precio Unitario | F10: Precio Total
A11: 1 | B11: TAREAS PREVIAS
A12: 1.1 | B12: Obrador | C12: gl | D12: 1 | F12: =+D12*E12 -> 0
A13: 1.2 | B13: Limpieza, demoliciones, vallado, señalización | C13: gl | D13: 1 | F13: =+D13*E13 -> 0
A14: 2 | B14: INGENIERÍA DE OBRA, PROYECTO EJECUTIVO
A15: 2.1 | B15: Proyecto Ejecutivo | C15: m2 | D15: =+D18+D21+D24 -> 202.77 | F15: =+D15*E15 -> 0
A16: 2.2 | B16: Documentación Conforme a Obra | C16: m2 | D16: =+D15 -> 202.77 | F16: =+D16*E16 -> 0
A17: 3 | B17: REFUGIO
A18: 3.1 | B18: Fabricación e instalación del nuevo refugio | C18: m2 | D18: 32.67 | F18: =+D18*E18 -> 0 | I18: ancho | J18: largo
A19: 3.2 | B19: Ejecucion de bases de hormigon | C19: Un | D19: 4
A20: 4 | B20: ANDENES
A21: 4.1 | B21: Construcción de anden nuevo | C21: m2 | D21: =3*40.5 -> 121.5 | F21: =+D21*E21 -> 0 | J21: =+#REF! -> #REF! | K21: =+J21*D21 -> #REF!
A22: 4.2 | B22: Bordes y solados reglamentarios en andenes | C22: m2 | D22: =40.5*1.5*1.2 -> 72.9 | F22: =+D22*E22 -> 0
A23: 4.3 | B23: Contrapiso de hormigon pobre - esp. 10 cm | C23: m2 | D23: =3*40.5 -> 121.5
A24: 4.4 | B24: Terminacion en cemento alisado al fieltro | C24: m2 | D24: =+D23-D22 -> 48.6
A25: 4.5 | B25: Mamposteria de cierre (incluye revoques grueso y fino exterior, aislaciones y pintura) | C25: m2 | D25: =2*(40.5+3)*0.5 -> 43.5
A26: 5 | B26: BARANDAS METALICAS | F26: 0
A27: 5.1 | B27: Barandas metalicas perimetrales en anden (incluye relleno de Hºpobre en parantes, Pintura y placas de anclaje) | C27: ml | D27: =40.5+2*3-1.1 -> 45.4
A28: 5.2 | B28: Baranda - pasamanos en Rampa de acceso (incluye relleno de Hºpobre en parantes, Pintura y placas de anclaje) | C28: ml | D28: =12.05*2 -> 24.1
A29: 6 | B29: MOBILIARIOS | F29: =+D29*E29 -> 0 | H29: =+G29/D21 -> 0 | J29: =1520/400 -> 3.8
A30: 6.1 | B30: Provision e Instalacion de mobiliarios | C30: Un | D30: 3
A31: 6.2 | B31: Provision e Instalacion de cestos de residuos | C31: Un | D31: 3
A32: 7 | B32: CARTELERIA | F32: =+D32*E32 -> 0 | H32: =+G32/D24 -> 0 | J32: =1520/400 -> 3.8
A33: 7.1 | B33: Provision e instalacion de cartel de estacion | C33: Un | D33: 1
A34: 7.2 | B34: Provision e instalacion de cartel de recorrido y horarios | C34: Un | D34: 2
A35: 8 | B35: INSTALACIÓN ELÉCTRICA E ILUMINACIÓN
A36: 8.1 | B36: Provisión e instalación de columnas y artefactos de iluminación tipo vial – Plaquetas LED | C36: U | D36: 9 | F36: =+D36*E36 -> 0
A37: 8.2 | B37: Provisión y colocación de artefactos de iluminación en refugios y sector cerrado. | C37: U | D37: 18 | F37: 0
A38: 8.3 | B38: Tendido Electrico | C38: ml | D38: =95.23+30 -> 125.23 | F38: 0
A39: 8.4 | B39: Tablero Central | C39: Un | D39: 1
A40: 9 | B40: ACCESOS | J40: =1126/400 -> 2.815
A41: 9.1 | B41: Ejecución de sendero de acceso | C41: m2 | D41: 81.14 | F41: =+E41*D41 -> 0
A42: 9.2 | B42: Ejecución rampa para personas con movilidad reducida | C42: Un | D42: 1 | F42: =+E42*D42 -> 0
A43: 9.3 | B43: Ejecucion de Pasos Peatonales y Laberintos | C43: Un | D43: 1 | F43: 0
A44: 9.4 | B44: Ejecucion de Cerco Romboidal | C44: ml | D44: 190 | F44: 0
B45: SUBTOTAL SIN IVA | F45: =SUM(F12:F43) -> 0 | K45: =+F45-F21+K21 -> #REF!
B46: IVA 21% | F46: =0.21*F45 -> 0
B47: TOTAL | F47: =+F45+F46 -> 0 | H47: 0.06 | I47: 1
H48: 0.35 | I48: =+H48*I47/H47 -> 5.8333333
I49: =46.04+0.12 -> 46.16

Sheet Ap. LAS BREÑAS
A4: OBRA: | B4: CONSTRUCCIÓN DE APEADEROS DEL SERVICIO SAENZ PEÑA - CHOROTIS
B5: Ap. LAS BREÑAS
B7: LÍNEA BELGRANO
A8: PLANILLA DE COTIZACIÓN
A10: Item | B10: Rubro | C10: Unid. | D10: Cantidad | E10: Precio Unitario | F10: Precio Total
A11: 1 | B11: TAREAS PREVIAS
A12: 1.1 | B12: Obrador | C12: gl | D12: 1 | F12: =+D12*E12 -> 0
A13: 1.2 | B13: Limpieza, demoliciones, vallado, señalización | C13: gl | D13: 1 | F13: =+D13*E13 -> 0
A14: 2 | B14: INGENIERÍA DE OBRA, PROYECTO EJECUTIVO
A15: 2.1 | B15: Proyecto Ejecutivo | C15: m2 | D15: =+D18+D21+D24 -> 202.77 | F15: =+D15*E15 -> 0
A16: 2.2 | B16: Documentación Conforme a Obra | C16: m2 | D16: =+D15 -> 202.77 | F16: =+D16*E16 -> 0
A17: 3 | B17: REFUGIO
A18: 3.1 | B18: Fabricación e instalación del nuevo refugio | C18: m2 | D18: 32.67 | F18: =+D18*E18 -> 0 | I18: ancho | J18: largo
A19: 3.2 | B19: Ejecucion de bases de hormigon | C19: Un | D19: 4
A20: 4 | B20: ANDENES
A21: 4.1 | B21: Construcción de anden nuevo | C21: m2 | D21: =3*40.5 -> 121.5 | F21: =+D21*E21 -> 0 | J21: =+#REF! -> #REF! | K21: =+J21*D21 -> #REF!
A22: 4.2 | B22: Bordes y solados reglamentarios en andenes | C22: m2 | D22: =40.5*1.5*1.2 -> 72.9 | F22: =+D22*E22 -> 0
A23: 4.3 | B23: Contrapiso de hormigon pobre - esp. 10 cm | C23: m2 | D23: =3*40.5 -> 121.5
A24: 4.4 | B24: Terminacion en cemento alisado al fieltro | C24: m2 | D24: =+D23-D22 -> 48.6
A25: 4.5 | B25: Mamposteria de cierre (incluye revoques grueso y fino exterior, aislaciones y pintura) | C25: m2 | D25: =2*(40.5+3)*0.5 -> 43.5
A26: 5 | B26: BARANDAS METALICAS | F26: 0
A27: 5.1 | B27: Barandas metalicas perimetrales en anden (incluye relleno de Hºpobre en parantes, Pintura y placas de anclaje) | C27: ml | D27: =40.5+2*3-1.1 -> 45.4
A28: 5.2 | B28: Baranda - pasamanos en Rampa de acceso (incluye relleno de Hºpobre en parantes, Pintura y placas de anclaje) | C28: ml | D28: =12.05*2 -> 24.1
A29: 6 | B29: MOBILIARIOS | F29: =+D29*E29 -> 0 | H29: =+G29/D21 -> 0 | J29: =1520/400 -> 3.8
A30: 6.1 | B30: Provision e Instalacion de mobiliarios | C30: Un | D30: 3
A31: 6.2 | B31: Provision e Instalacion de cestos de residuos | C31: Un | D31: 3
A32: 7 | B32: CARTELERIA | F32: =+D32*E32 -> 0 | H32: =+G32/D24 -> 0 | J32: =1520/400 -> 3.8
A33: 7.1 | B33: Provision e instalacion de cartel de estacion | C33: Un | D33: 1
A34: 7.2 | B34: Provision e instalacion de cartel de recorrido y horarios | C34: Un | D34: 2
A35: 8 | B35: INSTALACIÓN ELÉCTRICA E ILUMINACIÓN
A36: 8.1 | B36: Provisión e instalación de columnas y artefactos de iluminación tipo vial – Plaquetas LED | C36: U | D36: 9 | F36: =+D36*E36 -> 0
A37: 8.2 | B37: Provisión y colocación de artefactos de iluminación en refugios y sector cerrado. | C37: U | D37: 18 | F37: 0
A38: 8.3 | B38: Tendido Electrico | C38: ml | D38: =55.9+32.91+30 -> 118.81 | F38: 0
A39: 8.4 | B39: Tablero Central | C39: Un | D39: 1
A40: 9 | B40: ACCESOS | J40: =1126/400 -> 2.815
A41: 9.1 | B41: Ejecución de sendero de acceso | C41: m2 | D41: =21*1.5+37.93 -> 69.43 | F41: =+E41*D41 -> 0
A42: 9.2 | B42: Ejecución rampa para personas con movilidad reducida | C42: Un | D42: 1 | F42: =+E42*D42 -> 0
A43: 9.3 | B43: Ejecucion de Pasos Peatonales y Laberintos | C43: Un | D43: 1 | F43: 0
A44: 9.4 | B44: Ejecucion de Cerco Romboidal | C44: ml | D44: =61.47+17.6*2+4 -> 100.67 | F44: 0
B45: SUBTOTAL SIN IVA | F45: =SUM(F12:F43) -> 0 | K45: =+F45-F21+K21 -> #REF!
B46: IVA 21% | F46: =0.21*F45 -> 0
B47: TOTAL | F47: =+F45+F46 -> 0 | H47: 0.06 | I47: 1
H48: 0.35 | I48: =+H48*I47/H47 -> 5.8333333
I49: =46.04+0.12 -> 46.16

Sheet S1 (2)
B3: OBRA: | C3: =+'Ap. RUTA NACIONAL 16'!B4 -> CONSTRUCCIÓN DE APEADEROS DEL SERVICIO SAENZ PEÑA - CHOROTIS
C4: GRUPO II
C5: =+#REF! -> #REF!
B7: PLANILLA TOTALIZADORA
B9: # | C9: APEADERO | D9: Precio Total con IVA
B10: 1 | C10: Ap. CHARATA | D10: 0
B11: 2 | C11: Ap. GRAL. PINEDO | D11: 0
B12: 3 | C12: Ap. HERMOSO CAMPO | D12: 0
C13: VALOR TOTAL - GRUPO II | D13: 0
B16: SON Pesos …………………………………………….…………………………………………………………….IVA INCLUIDO.
D25: Firma Apoderado del Oferente

Sheet RENGLON II
A4: OBRA: | B4: CONSTRUCCIÓN DE APEADEROS DEL SERVICIO SAENZ PEÑA - CHOROTIS
B5: RENGLON II
B7: LÍNEA BELGRANO
A8: PLANILLA DE COTIZACIÓN
A10: Item | B10: Rubro | C10: Unid. | D10: Cantidad | E10: Precio Unitario | F10: Precio Total | G10: Subtotal Ítem
A11: 1 | B11: TAREAS PREVIAS | G11: =SUM(F12:F13) -> 0
A12: 1.1 | B12: Obrador | C12: gl | D12: 1 | E12: 0 | F12: =+D12*E12 -> 0
A13: 1.2 | B13: Limpieza, demoliciones, vallado, señalización | C13: gl | D13: 1 | E13: 0 | F13: =+D13*E13 -> 0
A14: 2 | B14: INGENIERÍA DE OBRA, PROYECTO EJECUTIVO | G14: =SUM(F15:F16) -> 0
A15: 2.1 | B15: Proyecto Ejecutivo | C15: m2 | D15: =3*D19+3*D22+3*D25+D42+D72+D100 -> 784.935 | E15: 0 | F15: =+D15*E15 -> 0
A16: 2.2 | B16: Documentación Conforme a Obra | C16: m2 | D16: =+D15 -> 784.935 | E16: 0 | F16: =+D16*E16 -> 0
A17: 3 | B17: AP. CHARATA
A18: 3.1 | B18: REFUGIO | G18: =SUM(F19:F20) -> 0
A19: 3.1.1 | B19: Fabricación e instalación del nuevo refugio | C19: m2 | D19: 32.67 | E19: 0 | F19: =+D19*E19 -> 0
A20: 3.1.2 | B20: Ejecución de bases de hormigón | C20: Un | D20: 4 | E20: 0 | F20: 0
A21: 3.2 | B21: ANDENES | G21: =SUM(F22:F26) -> 0
A22: 3.2.1 | B22: Construcción de anden nuevo | C22: m2 | D22: =3*40.5 -> 121.5 | E22: 0 | F22: =+D22*E22 -> 0
A23: 3.2.2 | B23: Bordes y solados reglamentarios en andenes | C23: m2 | D23: =40.5*1.5*1.2 -> 72.9 | E23: 0 | F23: =+D23*E23 -> 0
A24: 3.2.3 | B24: Contrapiso de hormigón pobre - esp. 10 cm | C24: m2 | D24: =3*40.5 -> 121.5 | E24: 0 | F24: 0
A25: 3.2.4 | B25: Terminación en cemento alisado al fieltro | C25: m2 | D25: =+D24-D23 -> 48.6 | E25: 0 | F25: 0
A26: 3.2.5 | B26: Mampostería de cierre (incluye revoques grueso y fino exterior, aislaciones y pintura) | C26: m2 | D26: =2*(40.5+3)*0.5 -> 43.5 | E26: 0 | F26: 0
A27: 3.3 | B27: BARANDAS METALICAS | G27: =SUM(F28:F29) -> 0
A28: 3.3.1 | B28: Barandas metálicas perimetrales en anden (incluye relleno de Hºpobre en parantes, Pintura y placas de anclaje) | C28: ml | D28: =40.5+2*3-1.1 -> 45.4 | E28: 0 | F28: 0
A29: 3.3.2 | B29: Baranda - pasamanos en Rampa de acceso (incluye relleno de Hºpobre en parantes, Pintura y placas de anclaje) | C29: ml | D29: =12.05*2 -> 24.1 | E29: 0 | F29: 0
A30: 3.4 | B30: MOBILIARIOS | G30: =SUM(F31:F32) -> 0
A31: 3.4.1 | B31: Provisión e Instalación de mobiliarios | C31: Un | D31: 3 | E31: 0 | F31: 0
A32: 3.4.2 | B32: Provisión e Instalación de cestos de residuos | C32: Un | D32: 3 | E32: 0 | F32: 0
A33: 3.5 | B33: CARTELERIA | G33: =SUM(F34:F35) -> 0
A34: 3.5.1 | B34: Provisión e instalación de cartel de estación | C34: Un | D34: 1 | E34: 0 | F34: 0
A35: 3.5.2 | B35: Provisión e instalación de cartel de recorrido y horarios | C35: Un | D35: 2 | E35: 0 | F35: 0
A36: 3.6 | B36: INSTALACIÓN ELÉCTRICA E ILUMINACIÓN | G36: =SUM(F37:F40) -> 0
A37: 3.6.1 | B37: Provisión e instalación de columnas y artefactos de iluminación tipo vial – Plaquetas LED | C37: U | D37: 9 | E37: 0 | F37: =+D37*E37 -> 0
A38: 3.6.2 | B38: Provisión y colocación de artefactos de iluminación en refugios y sector cerrado. | C38: U | D38: 18 | E38: 0 | F38: 0
A39: 3.6.3 | B39: Tendido Eléctrico | C39: ml | D39: =55.9+32.91+30 -> 118.81 | E39: 0 | F39: 0
A40: 3.6.4 | B40: Tablero Central | C40: Un | D40: 1 | E40: 0 | F40: 0
A41: 3.7 | B41: ACCESOS | G41: =SUM(F42:F45) -> 0
A42: 3.7.1 | B42: Ejecución de sendero de acceso | C42: m2 | D42: =21.99*1.5+39.25 -> 72.235 | E42: 0 | F42: =+E42*D42 -> 0
A43: 3.7.2 | B43: Ejecución rampa para personas con movilidad reducida | C43: Un | D43: 1 | E43: 0 | F43: =+E43*D43 -> 0
A44: 3.7.3 | B44: Ejecución de Pasos Peatonales y Laberintos | C44: Un | D44: 1 | E44: 0 | F44: 0
A45: 3.7.4 | B45: Ejecución de Cerco Romboidal | C45: ml | D45: =62.79+17.6*2+4 -> 101.99 | E45: 0 | F45: 0
A46: 4 | B46: AP. GENERAL PINEDO
A47: 4.1 | B47: REFUGIO | G47: =SUM(F48:F49) -> 0
A48: 4.1.1 | B48: Fabricación e instalación del nuevo refugio | C48: m2 | D48: 32.67 | E48: 0 | F48: =+D48*E48 -> 0
A49: 4.1.2 | B49: Ejecución de bases de hormigón | C49: Un | D49: 4 | E49: 0 | F49: 0
A50: 4.2 | B50: ANDENES | G50: =SUM(F51:F55) -> 0
A51: 4.2.1 | B51: Construcción de anden nuevo | C51: m2 | D51: =3*40.5 -> 121.5 | E51: 0 | F51: =+D51*E51 -> 0
A52: 4.2.2 | B52: Bordes y solados reglamentarios en andenes | C52: m2 | D52: =40.5*1.5*1.2 -> 72.9 | E52: 0 | F52: =+D52*E52 -> 0
A53: 4.2.3 | B53: Contrapiso de hormigón pobre - esp. 10 cm | C53: m2 | D53: =3*40.5 -> 121.5 | E53: 0 | F53: 0
A54: 4.2.4 | B54: Terminación en cemento alisado al fieltro | C54: m2 | D54: =+D53-D52 -> 48.6 | E54: 0 | F54: 0
A55: 4.2.5 | B55: Mampostería de cierre (incluye revoques grueso y fino exterior, aislaciones y pintura) | C55: m2 | D55: =2*(40.5+3)*0.5 -> 43.5 | E55: 0 | F55: 0
B56: SUBTOTAL I SIN IVA | G56: 0
A57: 4.3 | B57: BARANDAS METALICAS | G57: =SUM(F58:F59) -> 0
A58: 4.3.1 | B58: Barandas metálicas perimetrales en anden (incluye relleno de Hºpobre en parantes, Pintura y placas de anclaje) | C58: ml | D58: =40.5+2*3-1.1 -> 45.4 | E58: 0 | F58: 0
A59: 4.3.2 | B59: Baranda - pasamanos en Rampa de acceso (incluye relleno de Hºpobre en parantes, Pintura y placas de anclaje) | C59: ml | D59: =12.05*2 -> 24.1 | E59: 0 | F59: 0
A60: 4.4 | B60: MOBILIARIOS | G60: =SUM(F61:F62) -> 0
A61: 4.4.1 | B61: Provisión e Instalación de mobiliarios | C61: Un | D61: 3 | E61: 0 | F61: 0
A62: 4.4.2 | B62: Provisión e Instalación de cestos de residuos | C62: Un | D62: 3 | E62: 0 | F62: 0
A63: 4.5 | B63: CARTELERIA | G63: =SUM(F64:F65) -> 0
A64: 4.5.1 | B64: Provisión e instalación de cartel de estación | C64: Un | D64: 1 | E64: 0 | F64: 0
A65: 4.5.2 | B65: Provisión e instalación de cartel de recorrido y horarios | C65: Un | D65: 2 | E65: 0 | F65: 0
A66: 4.6 | B66: INSTALACIÓN ELÉCTRICA E ILUMINACIÓN | G66: =SUM(F67:F70) -> 0
A67: 4.6.1 | B67: Provisión e instalación de columnas y artefactos de iluminación tipo vial – Plaquetas LED | C67: U | D67: 7 | E67: 0 | F67: =+D67*E67 -> 0
A68: 4.6.2 | B68: Provisión y colocación de artefactos de iluminación en refugios y sector cerrado. | C68: U | D68: 18 | E68: 0 | F68: 0
A69: 4.6.3 | B69: Tendido Eléctrico | C69: ml | D69: =48.17+25.62+30 -> 103.79 | E69: 0 | F69: 0
A70: 4.6.4 | B70: Tablero Central | C70: Un | D70: 1 | E70: 0 | F70: 0
A71: 4.7 | B71: ACCESOS | G71: =SUM(F72:F74) -> 0
A72: 4.7.1 | B72: Ejecución de sendero de acceso | C72: m2 | D72: =39.46 -> 39.46 | E72: 0 | F72: =+E72*D72 -> 0
A73: 4.7.2 | B73: Ejecución rampa para personas con movilidad reducida | C73: Un | D73: 1 | E73: 0 | F73: =+E73*D73 -> 0
A74: 4.7.3 | B74: Ejecución de Cerco Romboidal | C74: ml | D74: =85+25 -> 110 | E74: 0 | F74: 0
A75: 5 | B75: AP. HERMOSO CAMPO
A76: 5.1 | B76: REFUGIO | G76: =SUM(F77:F78) -> 0
A77: 5.1.1 | B77: Fabricación e instalación del nuevo refugio | C77: m2 | D77: 32.67 | E77: 0 | F77: =+D77*E77 -> 0
A78: 5.1.2 | B78: Ejecución de bases de hormigón | C78: Un | D78: 4 | E78: 0 | F78: 0
A79: 5.2 | B79: ANDENES | G79: =SUM(F80:F84) -> 0
A80: 5.2.1 | B80: Construcción de anden nuevo | C80: m2 | D80: =3*40.5 -> 121.5 | E80: 0 | F80: =+D80*E80 -> 0
A81: 5.2.2 | B81: Bordes y solados reglamentarios en andenes | C81: m2 | D81: =40.5*1.5*1.2 -> 72.9 | E81: 0 | F81: =+D81*E81 -> 0
A82: 5.2.3 | B82: Contrapiso de hormigón pobre - esp. 10 cm | C82: m2 | D82: =3*40.5 -> 121.5 | E82: 0 | F82: 0
A83: 5.2.4 | B83: Terminación en cemento alisado al fieltro | C83: m2 | D83: =+D82-D81 -> 48.6 | E83: 0 | F83: 0
A84: 5.2.5 | B84: Mampostería de cierre (incluye revoques grueso y fino exterior, aislaciones y pintura) | C84: m2 | D84: =2*(40.5+3)*0.5 -> 43.5 | E84: 0 | F84: 0
A85: 5.3 | B85: BARANDAS METALICAS | G85: =SUM(F86:F87) -> 0
A86: 5.3.1 | B86: Barandas metálicas perimetrales en anden (incluye relleno de Hºpobre en parantes, Pintura y placas de anclaje) | C86: ml | D86: =40.5+2*3-1.1 -> 45.4 | E86: 0 | F86: 0
A87: 5.3.2 | B87: Baranda - pasamanos en Rampa de acceso (incluye relleno de Hºpobre en parantes, Pintura y placas de anclaje) | C87: ml | D87: =12.05*2 -> 24.1 | E87: 0 | F87: 0
A88: 5.4 | B88: MOBILIARIOS | G88: =SUM(F89:F90) -> 0
A89: 5.4.1 | B89: Provisión e Instalación de mobiliarios | C89: Un | D89: 3 | E89: 0 | F89: 0
A90: 5.4.2 | B90: Provisión e Instalación de cestos de residuos | C90: Un | D90: 3 | E90: 0 | F90: 0
A91: 5.5 | B91: CARTELERIA | G91: =SUM(F92:F93) -> 0
A92: 5.5.1 | B92: Provisión e instalación de cartel de estación | C92: Un | D92: 1 | E92: 0 | F92: 0
A93: 5.5.2 | B93: Provisión e instalación de cartel de recorrido y horarios | C93: Un | D93: 2 | E93: 0 | F93: 0
A94: 5.6 | B94: INSTALACIÓN ELÉCTRICA E ILUMINACIÓN | G94: =SUM(F95:F98) -> 0
A95: 5.6.1 | B95: Provisión e instalación de columnas y artefactos de iluminación tipo vial – Plaquetas LED | C95: U | D95: 8 | E95: 0 | F95: =+D95*E95 -> 0
A96: 5.6.2 | B96: Provisión y colocación de artefactos de iluminación en refugios y sector cerrado. | C96: U | D96: 18 | E96: 0 | F96: 0
A97: 5.6.3 | B97: Tendido Eléctrico | C97: ml | D97: =82+30 -> 112 | E97: 0 | F97: 0
A98: 5.6.4 | B98: Tablero Central | C98: Un | D98: 1 | E98: 0 | F98: 0
A99: 5.7 | B99: ACCESOS | G99: =SUM(F100:F103) -> 0
A100: 5.7.1 | B100: Ejecución de sendero de acceso | C100: m2 | D100: 64.93 | E100: 0 | F100: =+E100*D100 -> 0
A101: 5.7.2 | B101: Ejecución rampa para personas con movilidad reducida | C101: Un | D101: 1 | E101: 0 | F101: =+E101*D101 -> 0
A102: 5.7.3 | B102: Ejecución de Pasos Peatonales y Laberintos | C102: Un | D102: 1 | E102: 0 | F102: 0
A103: 5.7.4 | B103: Ejecución de Cerco Romboidal | C103: ml | D103: 46 | E103: 0 | F103: 0
B104: SUBTOTAL II SIN IVA | G104: 0
B105: TOTAL SIN IVA | G105: =SUM(F12:F44) -> 0
...

Sheet Planilla de Cot
A4: OBRA: | B4: ADECUACION DE PUENTE EN 408+566 - LINEA F
B5: TRENES DEL INTERIOR
A9: PLANILLA DE COTIZACIÓN
A11: Ítem | B11: Rubro | C11: Unid. | D11: Cantidad | E11: Precio Unitario | F11: FC Act PR base DIC 2016 | G11: Precio Total | H11: Subtotal Ítem
A12: 1 | B12: TAREAS PREVIAS | H12: =SUM(G13:G14) -> 0
A13: 1.1 | B13: Obrador | C13: GL | D13: 1
A14: 1.2 | B14: Limpieza, demoliciones, vallado, señalización | C14: GL | D14: 1
A15: 2 | B15: INGENIERÍA DE OBRA, PROYECTO EJECUTIVO | H15: =SUM(G16:G17) -> 0
A16: 2.1 | B16: Proyecto Ejecutivo | C16: GL | D16: 1
A17: 2.2 | B17: Documentación Conforme a Obra | C17: GL | D17: =+D16 -> 1
A18: 3 | B18: DESARME Y EXCAVACION | H18: =SUM(G19:G23) -> 0
A19: 3.1 | B19: Desarme del puente - Incl. Transporte al lugar de acopio | C19: Un | D19: 1
A20: 3.2 | B20: Excavacion | C20: M2 | D20: =12*12 -> 144
A21: 4 | B21: MOVIMIENTO DE SUELOS Y HORMIGONES | H21: =SUM(G22:G26) -> 0
A22: 4.1 | B22: Ejecución de capa de suelo seleccionado compactado | C22: M2 | D22: =+D20 -> 144
A23: 4.2 | B23: Ejecucion de capa de suelos seleccionado compactado sobre los modulos | C23: M2 | D23: =4*12 -> 48
A24: 4.3 | B24: Ejecución de plateas de hormigón armado | C24: M3 | D24: =4*12*2*0.35 -> 33.6
A25: 5 | B25: EJECUCION DE PREMOLDEADOS | H25: =SUM(G26:G28) -> 0
A26: 5.1 | B26: Ejecución de modulos premoldeados | C26: Un | D26: 20
A27: 5.2 | B27: Ejecución de muros laterales premoldeados | C27: Un | D27: 4
A28: 5.3 | B28: Ejecucion de cabezal guarda balasto | C28: Un | D28: 2
A29: 6 | B29: TRANSPORTE Y MONTAJE DE PIEZAS PREMOLDEADAS | H29: =SUM(G30) -> 0
A30: 6.1 | B30: Transporte y montaje de piezas premoldeadas | C30: GL | D30: 1
A31: 7 | B31: ARMADO DE VIA | H31: =SUM(G32) -> 0
A32: 7.1 | B32: Provision y colocación de piedra balasto | C32: Tn | D32: =0.3*12*4*1.8 -> 25.92
B34: Total Costo Directo | H34: =SUM(H12:H32) -> 0
B36: Gastos Generales | C36: =H36/H34 -> #REF! | H36: =+#REF! -> #REF!
B38: Subtotal CD + GG | H38: =H34+H36 -> #REF!
B40: Beneficio + Riesgos | C40: =0.15 -> 0.15 | H40: =H38*C40 -> #REF!
B42: Costo Financiero | C42: =0.015+0.0002 -> 0.0152 | H42: =H38*C42 -> #REF!
B44: Subtotal (CD+GG)+ B + CF | H44: =H38+H40+H42 -> #REF!
B46: IMPUESTOS | C46: 0.06 | H46: =H44*C46 -> #REF!
B48: TOTAL SIN IVA
B49: IVA 21%
B50: TOTAL

Sheet Ap. CHARATA
A4: OBRA: | B4: CONSTRUCCIÓN DE APEADEROS DEL SERVICIO SAENZ PEÑA - CHOROTIS
B5: Ap. CHARATA
B7: LÍNEA BELGRANO
A8: PLANILLA DE COTIZACIÓN
A10: Item | B10: Rubro | C10: Unid. | D10: Cantidad | E10: Precio Unitario | F10: Precio Total
A11: 1 | B11: TAREAS PREVIAS
A12: 1.1 | B12: Obrador | C12: gl | D12: 1 | F12: =+D12*E12 -> 0
A13: 1.2 | B13: Limpieza, demoliciones, vallado, señalización | C13: gl | D13: 1 | F13: =+D13*E13 -> 0
A14: 2 | B14: INGENIERÍA DE OBRA, PROYECTO EJECUTIVO
A15: 2.1 | B15: Proyecto Ejecutivo | C15: m2 | D15: =+D18+D21+D24 -> 202.77 | F15: =+D15*E15 -> 0
A16: 2.2 | B16: Documentación Conforme a Obra | C16: m2 | D16: =+D15 -> 202.77 | F16: =+D16*E16 -> 0
A17: 3 | B17: REFUGIO
A18: 3.1 | B18: Fabricación e instalación del nuevo refugio | C18: m2 | D18: 32.67 | F18: =+D18*E18 -> 0 | I18: ancho | J18: largo
A19: 3.2 | B19: Ejecucion de bases de hormigon | C19: Un | D19: 4
A20: 4 | B20: ANDENES
A21: 4.1 | B21: Construcción de anden nuevo | C21: m2 | D21: =3*40.5 -> 121.5 | F21: =+D21*E21 -> 0 | J21: =+#REF! -> #REF! | K21: =+J21*D21 -> #REF!
A22: 4.2 | B22: Bordes y solados reglamentarios en andenes | C22: m2 | D22: =40.5*1.5*1.2 -> 72.9 | F22: =+D22*E22 -> 0
A23: 4.3 | B23: Contrapiso de hormigon pobre - esp. 10 cm | C23: m2 | D23: =3*40.5 -> 121.5
A24: 4.4 | B24: Terminacion en cemento alisado al fieltro | C24: m2 | D24: =+D23-D22 -> 48.6
A25: 4.5 | B25: Mamposteria de cierre (incluye revoques grueso y fino exterior, aislaciones y pintura) | C25: m2 | D25: =2*(40.5+3)*0.5 -> 43.5
A26: 5 | B26: BARANDAS METALICAS | F26: 0
A27: 5.1 | B27: Barandas metalicas perimetrales en anden (incluye relleno de Hºpobre en parantes, Pintura y placas de anclaje) | C27: ml | D27: =40.5+2*3-1.1 -> 45.4
A28: 5.2 | B28: Baranda - pasamanos en Rampa de acceso (incluye relleno de Hºpobre en parantes, Pintura y placas de anclaje) | C28: ml | D28: =12.05*2 -> 24.1
A29: 6 | B29: MOBILIARIOS | F29: =+D29*E29 -> 0 | H29: =+G29/D21 -> 0 | J29: =1520/400 -> 3.8
A30: 6.1 | B30: Provision e Instalacion de mobiliarios | C30: Un | D30: 3
A31: 6.2 | B31: Provision e Instalacion de cestos de residuos | C31: Un | D31: 3
A32: 7 | B32: CARTELERIA | F32: =+D32*E32 -> 0 | H32: =+G32/D24 -> 0 | J32: =1520/400 -> 3.8
A33: 7.1 | B33: Provision e instalacion de cartel de estacion | C33: Un | D33: 1
A34: 7.2 | B34: Provision e instalacion de cartel de recorrido y horarios | C34: Un | D34: 2
A35: 8 | B35: INSTALACIÓN ELÉCTRICA E ILUMINACIÓN
A36: 8.1 | B36: Provisión e instalación de columnas y artefactos de iluminación tipo vial – Plaquetas LED | C36: U | D36: 9 | F36: =+D36*E36 -> 0
A37: 8.2 | B37: Provisión y colocación de artefactos de iluminación en refugios y sector cerrado. | C37: U | D37: 18 | F37: 0
A38: 8.3 | B38: Tendido Electrico | C38: ml | D38: =55.9+32.91+30 -> 118.81 | F38: 0
A39: 8.4 | B39: Tablero Central | C39: Un | D39: 1
A40: 9 | B40: ACCESOS | J40: =1126/400 -> 2.815
A41: 9.1 | B41: Ejecución de sendero de acceso | C41: m2 | D41: =21.99*1.5+39.25 -> 72.235 | F41: =+E41*D41 -> 0
A42: 9.2 | B42: Ejecución rampa para personas con movilidad reducida | C42: Un | D42: 1 | F42: =+E42*D42 -> 0
A43: 9.3 | B43: Ejecucion de Pasos Peatonales y Laberintos | C43: Un | D43: 1 | F43: 0
A44: 9.4 | B44: Ejecucion de Cerco Romboidal | C44: ml | D44: =62.79+17.6*2+4 -> 101.99 | F44: 0
B45: SUBTOTAL SIN IVA | F45: =SUM(F12:F43) -> 0 | K45: =+F45-F21+K21 -> #REF!
B46: IVA 21% | F46: =0.21*F45 -> 0
B47: TOTAL | F47: =+F45+F46 -> 0 | H47: 0.06 | I47: 1
H48: 0.35 | I48: =+H48*I47/H47 -> 5.8333333
I49: =46.04+0.12 -> 46.16

Sheet Ap. PINEDO
A4: OBRA: | B4: CONSTRUCCIÓN DE APEADEROS DEL SERVICIO SAENZ PEÑA - CHOROTIS
B5: Ap. PINEDO
B7: LÍNEA BELGRANO
A8: PLANILLA DE COTIZACIÓN
A10: Item | B10: Rubro | C10: Unid. | D10: Cantidad | E10: Precio Unitario | F10: Precio Total
A11: 1 | B11: TAREAS PREVIAS
A12: 1.1 | B12: Obrador | C12: gl | D12: 1 | F12: =+D12*E12 -> 0
A13: 1.2 | B13: Limpieza, demoliciones, vallado, señalización | C13: gl | D13: 1 | F13: =+D13*E13 -> 0
A14: 2 | B14: INGENIERÍA DE OBRA, PROYECTO EJECUTIVO
A15: 2.1 | B15: Proyecto Ejecutivo | C15: m2 | D15: =+D18+D21+D24 -> 202.77 | F15: =+D15*E15 -> 0
A16: 2.2 | B16: Documentación Conforme a Obra | C16: m2 | D16: =+D15 -> 202.77 | F16: =+D16*E16 -> 0
A17: 3 | B17: REFUGIO
A18: 3.1 | B18: Fabricación e instalación del nuevo refugio | C18: m2 | D18: 32.67 | F18: =+D18*E18 -> 0 | I18: ancho | J18: largo
A19: 3.2 | B19: Ejecucion de bases de hormigon | C19: Un | D19: 4
A20: 4 | B20: ANDENES
A21: 4.1 | B21: Construcción de anden nuevo | C21: m2 | D21: =3*40.5 -> 121.5 | F21: =+D21*E21 -> 0 | J21: =+#REF! -> #REF! | K21: =+J21*D21 -> #REF!
A22: 4.2 | B22: Bordes y solados reglamentarios en andenes | C22: m2 | D22: =40.5*1.5*1.2 -> 72.9 | F22: =+D22*E22 -> 0
A23: 4.3 | B23: Contrapiso de hormigon pobre - esp. 10 cm | C23: m2 | D23: =3*40.5 -> 121.5
A24: 4.4 | B24: Terminacion en cemento alisado al fieltro | C24: m2 | D24: =+D23-D22 -> 48.6
A25: 4.5 | B25: Mamposteria de cierre (incluye revoques grueso y fino exterior, aislaciones y pintura) | C25: m2 | D25: =2*(40.5+3)*0.5 -> 43.5
A26: 5 | B26: BARANDAS METALICAS | F26: 0
A27: 5.1 | B27: Barandas metalicas perimetrales en anden (incluye relleno de Hºpobre en parantes, Pintura y placas de anclaje) | C27: ml | D27: =40.5+2*3-1.1 -> 45.4
A28: 5.2 | B28: Baranda - pasamanos en Rampa de acceso (incluye relleno de Hºpobre en parantes, Pintura y placas de anclaje) | C28: ml | D28: =12.05*2 -> 24.1
A29: 6 | B29: MOBILIARIOS | F29: =+D29*E29 -> 0 | H29: =+G29/D21 -> 0 | J29: =1520/400 -> 3.8
A30: 6.1 | B30: Provision e Instalacion de mobiliarios | C30: Un | D30: 3
A31: 6.2 | B31: Provision e Instalacion de cestos de residuos | C31: Un | D31: 3
A32: 7 | B32: CARTELERIA | F32: =+D32*E32 -> 0 | H32: =+G32/D24 -> 0 | J32: =1520/400 -> 3.8
A33: 7.1 | B33: Provision e instalacion de cartel de estacion | C33: Un | D33: 1
A34: 7.2 | B34: Provision e instalacion de cartel de recorrido y horarios | C34: Un | D34: 2
A35: 8 | B35: INSTALACIÓN ELÉCTRICA E ILUMINACIÓN
A36: 8.1 | B36: Provisión e instalación de columnas y artefactos de iluminación tipo vial – Plaquetas LED | C36: U | D36: 7 | F36: =+D36*E36 -> 0
A37: 8.2 | B37: Provisión y colocación de artefactos de iluminación en refugios y sector cerrado. | C37: U | D37: 18 | F37: 0
A38: 8.3 | B38: Tendido Electrico | C38: ml | D38: =48.17+25.62+30 -> 103.79 | F38: 0
A39: 8.4 | B39: Tablero Central | C39: Un | D39: 1
A40: 9 | B40: ACCESOS | J40: =1126/400 -> 2.815
A41: 9.1 | B41: Ejecución de sendero de acceso | C41: m2 | D41: =39.46 -> 39.46 | F41: =+E41*D41 -> 0
A42: 9.2 | B42: Ejecución rampa para personas con movilidad reducida | C42: Un | D42: 1 | F42: =+E42*D42 -> 0
A43: 9.3 | B43: Ejecucion de Cerco Romboidal | C43: ml | D43: =85+25 -> 110 | F43: 0
B44: SUBTOTAL SIN IVA | F44: =SUM(F12:F42) -> 0 | K44: =+F44-F21+K21 -> #REF!
B45: IVA 21% | F45: =0.21*F44 -> 0
B46: TOTAL | F46: =+F44+F45 -> 0 | H46: 0.06 | I46: 1
H47: 0.35 | I47: =+H47*I46/H46 -> 5.8333333
I48: =46.04+0.12 -> 46.16

Sheet Ap. HERMOSO CAMPO
A4: OBRA: | B4: CONSTRUCCIÓN DE APEADEROS DEL SERVICIO SAENZ PEÑA - CHOROTIS
B5: Ap. HERMOSO CAMPO
B7: LÍNEA BELGRANO
A8: PLANILLA DE COTIZACIÓN
A10: Item | B10: Rubro | C10: Unid. | D10: Cantidad | E10: Precio Unitario | F10: Precio Total
A11: 1 | B11: TAREAS PREVIAS
A12: 1.1 | B12: Obrador | C12: gl | D12: 1 | F12: =+D12*E12 -> 0
A13: 1.2 | B13: Limpieza, demoliciones, vallado, señalización | C13: gl | D13: 1 | F13: =+D13*E13 -> 0
A14: 2 | B14: INGENIERÍA DE OBRA, PROYECTO EJECUTIVO
A15: 2.1 | B15: Proyecto Ejecutivo | C15: m2 | D15: =+D18+D21+D24 -> 202.77 | F15: =+D15*E15 -> 0
A16: 2.2 | B16: Documentación Conforme a Obra | C16: m2 | D16: =+D15 -> 202.77 | F16: =+D16*E16 -> 0
A17: 3 | B17: REFUGIO
A18: 3.1 | B18: Fabricación e instalación del nuevo refugio | C18: m2 | D18: 32.67 | F18: =+D18*E18 -> 0 | I18: ancho | J18: largo
A19: 3.2 | B19: Ejecucion de bases de hormigon | C19: Un | D19: 4
A20: 4 | B20: ANDENES
A21: 4.1 | B21: Construcción de anden nuevo | C21: m2 | D21: =3*40.5 -> 121.5 | F21: =+D21*E21 -> 0 | J21: =+#REF! -> #REF! | K21: =+J21*D21 -> #REF!
A22: 4.2 | B22: Bordes y solados reglamentarios en andenes | C22: m2 | D22: =40.5*1.5*1.2 -> 72.9 | F22: =+D22*E22 -> 0
A23: 4.3 | B23: Contrapiso de hormigon pobre - esp. 10 cm | C23: m2 | D23: =3*40.5 -> 121.5
A24: 4.4 | B24: Terminacion en cemento alisado al fieltro | C24: m2 | D24: =+D23-D22 -> 48.6
A25: 4.5 | B25: Mamposteria de cierre (incluye revoques grueso y fino exterior, aislaciones y pintura) | C25: m2 | D25: =2*(40.5+3)*0.5 -> 43.5
A26: 5 | B26: BARANDAS METALICAS | F26: 0
A27: 5.1 | B27: Barandas metalicas perimetrales en anden (incluye relleno de Hºpobre en parantes, Pintura y placas de anclaje) | C27: ml | D27: =40.5+2*3-1.1 -> 45.4
A28: 5.2 | B28: Baranda - pasamanos en Rampa de acceso (incluye relleno de Hºpobre en parantes, Pintura y placas de anclaje) | C28: ml | D28: =12.05*2 -> 24.1
A29: 6 | B29: MOBILIARIOS | F29: =+D29*E29 -> 0 | H29: =+G29/D21 -> 0 | J29: =1520/400 -> 3.8
A30: 6.1 | B30: Provision e Instalacion de mobiliarios | C30: Un | D30: 3
A31: 6.2 | B31: Provision e Instalacion de cestos de residuos | C31: Un | D31: 3
A32: 7 | B32: CARTELERIA | F32: =+D32*E32 -> 0 | H32: =+G32/D24 -> 0 | J32: =1520/400 -> 3.8
A33: 7.1 | B33: Provision e instalacion de cartel de estacion | C33: Un | D33: 1
A34: 7.2 | B34: Provision e instalacion de cartel de recorrido y horarios | C34: Un | D34: 2
A35: 8 | B35: INSTALACIÓN ELÉCTRICA E ILUMINACIÓN
A36: 8.1 | B36: Provisión e instalación de columnas y artefactos de iluminación tipo vial – Plaquetas LED | C36: U | D36: 8 | F36: =+D36*E36 -> 0
A37: 8.2 | B37: Provisión y colocación de artefactos de iluminación en refugios y sector cerrado. | C37: U | D37: 18 | F37: 0
A38: 8.3 | B38: Tendido Electrico | C38: ml | D38: =82+30 -> 112 | F38: 0
A39: 8.4 | B39: Tablero Central | C39: Un | D39: 1
A40: 9 | B40: ACCESOS | J40: =1126/400 -> 2.815
A41: 9.1 | B41: Ejecución de sendero de acceso | C41: m2 | D41: 64.93 | F41: =+E41*D41 -> 0
A42: 9.2 | B42: Ejecución rampa para personas con movilidad reducida | C42: Un | D42: 1 | F42: =+E42*D42 -> 0
A43: 9.3 | B43: Ejecucion de Pasos Peatonales y Laberintos | C43: Un | D43: 1 | F43: 0
A44: 9.4 | B44: Ejecucion de Cerco Romboidal | C44: ml | D44: 46 | F44: 0
B45: SUBTOTAL SIN IVA | F45: =SUM(F12:F43) -> 0 | K45: =+F45-F21+K21 -> #REF!
B46: IVA 21% | F46: =0.21*F45 -> 0
B47: TOTAL | F47: =+F45+F46 -> 0 | H47: 0.06 | I47: 1
H48: 0.35 | I48: =+H48*I47/H47 -> 5.8333333
I49: =46.04+0.12 -> 46.16

Sheet S1 (4)
B3: OBRA: | C3: =+'Ap. RUTA NACIONAL 16'!B4 -> CONSTRUCCIÓN DE APEADEROS DEL SERVICIO SAENZ PEÑA - CHOROTIS
C4: GRUPO III
C5: =+#REF! -> #REF!
B7: PLANILLA TOTALIZADORA
B9: # | C9: APEADERO | D9: Precio Total con IVA
B10: 1 | C10: =+'Ap.LOS AROMOS'!B5 -> Bº LOS AROMOS | D10: 0
B11: 2 | C11: =+'Ap. ABORIGENES'!B5 -> Bº ABORIGENES | D11: 0
B12: 3 | C12: =+'Ap. ANUNCIACION'!B5 -> Bº ANUNCIACION | D12: 0
C13: VALOR TOTAL - GRUPO III | D13: 0
B16: SON Pesos …………………………………………….…………………………………………………………….IVA INCLUIDO.
D25: Firma Apoderado del Oferente

Sheet Ap.LOS AROMOS
A4: OBRA: | B4: =+#REF! -> #REF!
B5: Bº LOS AROMOS
B6: PUERTO TIROL - RESISTENCIA - PUERTO VILELAS
B7: LÍNEA BELGRANO
A8: PLANILLA DE COTIZACIÓN
A10: Item | B10: Rubro | C10: Unid. | D10: Cantidad | E10: Precio Unitario | F10: Precio Total
A11: 1 | B11: TAREAS PREVIAS
A12: 1.1 | B12: Obrador | C12: gl | D12: 1 | F12: =+D12*E12 -> 0
A13: 1.2 | B13: Limpieza, demoliciones, vallado, señalización | C13: gl | D13: 1 | F13: =+D13*E13 -> 0
A14: 2 | B14: INGENIERÍA DE OBRA, PROYECTO EJECUTIVO
A15: 2.1 | B15: Proyecto Ejecutivo | C15: gl | D15: 1 | F15: =+D15*E15 -> 0
A16: 2.2 | B16: Documentación Conforme a Obra | C16: gl | D16: 1 | F16: =+D16*E16 -> 0
A17: 3 | B17: PINTURA
A18: 3.1 | B18: Pintura( incl. Liquido fijador para paredes y pintura anticorrosiva para el refugio) | C18: gl | D18: 1 | F18: 0
A19: 4 | B19: ANDEN
A20: 4.1 | B20: Construcción de anden nuevo | C20: ml | D20: 60 | F20: =+D20*E20 -> 0
A21: 4.2 | B21: Bordes y solados reglamentarios en anden | C21: ml | D21: 60 | F21: =+D21*E21 -> 0
A22: 4.3 | B22: Colocación equipamiento y señaletica | C22: gl | D22: 1 | F22: =+D22*E22 -> 0
A23: 4.4 | B23: Instalacion de Baranda perimetral | C23: ml | D23: 70 | F23: =+D23*E23 -> 0
A24: 4.5 | B24: Demolicion de anden existente (Inc.Transporte y disposición de escombros) | C24: gl | D24: 1 | F24: =+D24*E24 -> 0
A25: 5 | B25: INSTALACIÓN ELÉCTRICA E ILUMINACIÓN
A26: 5.1 | B26: Provisión y colocación de columnas y artefactos de iluminación en andenes | C26: U | D26: 3 | F26: =+D26*E26 -> 0
A27: 5.3 | B27: Provision y colocación de columnas y artefactos de iluminación en rampa de acceso | C27: U | D27: 1 | F27: =+D27*E27 -> 0
A28: 5.4 | B28: Cableado y Tablero Central | C28: gl | D28: 1 | F28: =+D28*E28 -> 0
A29: 6 | B29: ACCESOS
A30: 6.1 | B30: Ejecución de caminos de acceso | C30: m2 | D30: 27 | F30: =+E30*D30 -> 0
A31: 6.2 | B31: Ejecución rampa para personas con movilidad reducida | C31: U | D31: 1 | F31: =+E31*D31 -> 0
A32: 6.3 | B32: Reacondicionamiento de desagües | C32: gl | D32: 1 | F32: =+E32*D32 -> 0
B33: SUBTOTAL SIN IVA | F33: 0
B34: IVA 21% | F34: =0.21*F33 -> 0
B35: TOTAL | F35: =+F33+F34 -> 0

Sheet Ap. ABORIGENES
A4: OBRA: | B4: =+#REF! -> #REF!
B5: Bº ABORIGENES
B6: PUERTO TIROL - RESISTENCIA - PUERTO VILELAS
B7: LÍNEA BELGRANO
A8: PLANILLA DE COTIZACIÓN
A10: Item | B10: Rubro | C10: Unid. | D10: Cantidad | E10: Precio Unitario | F10: Precio Total
A11: 1 | B11: TAREAS PREVIAS
A12: 1.1 | B12: Obrador | C12: gl | D12: 1 | F12: =+D12*E12 -> 0
A13: 1.2 | B13: Limpieza, demoliciones, vallado, señalización | C13: gl | D13: 1 | F13: =+D13*E13 -> 0
A14: 2 | B14: INGENIERÍA DE OBRA, PROYECTO EJECUTIVO
A15: 2.1 | B15: Proyecto Ejecutivo | C15: gl | D15: 1 | F15: =+D15*E15 -> 0
A16: 2.2 | B16: Documentación Conforme a Obra | C16: gl | D16: 1 | F16: =+D16*E16 -> 0
A17: 3 | B17: PINTURA
A18: 3.1 | B18: Pintura( incl. Liquido fijador para paredes y pintura anticorrosiva para el refugio) | C18: gl | D18: 1 | F18: 0
A19: 4 | B19: ANDEN
A20: 4.1 | B20: Construcción de anden nuevo | C20: ml | D20: 60 | F20: =+D20*E20 -> 0
A21: 4.2 | B21: Bordes y solados reglamentarios en anden | C21: ml | D21: 60 | F21: =+D21*E21 -> 0
A22: 4.3 | B22: Colocación equipamiento y señaletica | C22: gl | D22: 1 | F22: =+D22*E22 -> 0
A23: 4.4 | B23: Instalacion de Baranda perimetral | C23: ml | D23: 70 | F23: =+D23*E23 -> 0
A24: 4.5 | B24: Demolicion de anden existente (Inc.Transporte y disposición de escombros) | C24: gl | D24: 1 | F24: =+D24*E24 -> 0
A25: 5 | B25: INSTALACIÓN ELÉCTRICA E ILUMINACIÓN
A26: 5.1 | B26: Provisión y colocación de columnas y artefactos de iluminación en andenes | C26: U | D26: 3 | F26: =+D26*E26 -> 0
A27: 5.3 | B27: Provision y colocación de columnas y artefactos de iluminación en rampa de acceso | C27: U | D27: 1 | F27: =+D27*E27 -> 0
A28: 5.4 | B28: Cableado y Tablero Central | C28: gl | D28: 1 | F28: =+D28*E28 -> 0
A29: 6 | B29: ACCESOS
A30: 6.1 | B30: Ejecución de caminos de acceso | C30: m2 | D30: 24 | F30: =+E30*D30 -> 0
A31: 6.2 | B31: Ejecución rampa para personas con movilidad reducida | C31: U | D31: 1 | F31: =+E31*D31 -> 0
A32: 6.3 | B32: Reacondicionamiento de desagües | C32: gl | D32: 1 | F32: =+E32*D32 -> 0
B33: SUBTOTAL SIN IVA | F33: 0
B34: IVA 21% | F34: =0.21*F33 -> 0
B35: TOTAL | F35: =+F33+F34 -> 0

Sheet Ap. ANUNCIACION
A4: OBRA: | B4: =+#REF! -> #REF!
B5: Bº ANUNCIACION
B6: PUERTO TIROL - RESISTENCIA - PUERTO VILELAS
B7: LÍNEA BELGRANO
A8: PLANILLA DE COTIZACIÓN
A10: Item | B10: Rubro | C10: Unid. | D10: Cantidad | E10: Precio Unitario | F10: Precio Total
A11: 1 | B11: TAREAS PREVIAS
A12: 1.1 | B12: Obrador | C12: gl | D12: 1 | F12: =+D12*E12 -> 0
A13: 1.2 | B13: Limpieza, demoliciones, vallado, señalización | C13: gl | D13: 1 | F13: =+D13*E13 -> 0
A14: 2 | B14: INGENIERÍA DE OBRA, PROYECTO EJECUTIVO
A15: 2.1 | B15: Proyecto Ejecutivo | C15: gl | D15: 1 | F15: =+D15*E15 -> 0
A16: 2.2 | B16: Documentación Conforme a Obra | C16: gl | D16: 1 | F16: =+D16*E16 -> 0
A17: 3 | B17: PINTURA
A18: 3.1 | B18: Pintura( incl. Liquido fijador para paredes y pintura anticorrosiva para el refugio) | C18: gl | D18: 1 | F18: 0
A19: 4 | B19: ANDEN
A20: 4.1 | B20: Construcción de anden nuevo | C20: ml | D20: 60 | F20: =+D20*E20 -> 0
A21: 4.2 | B21: Bordes y solados reglamentarios en anden | C21: ml | D21: 60 | F21: =+D21*E21 -> 0
A22: 4.3 | B22: Colocación equipamiento y señaletica | C22: gl | D22: 1 | F22: =+D22*E22 -> 0
A23: 4.4 | B23: Instalacion de Baranda perimetral | C23: ml | D23: 85 | F23: =+D23*E23 -> 0
A24: 4.5 | B24: Demolicion de anden existente (Inc.Transporte y disposición de escombros) | C24: gl | D24: 1 | F24: =+D24*E24 -> 0
A25: 5 | B25: INSTALACIÓN ELÉCTRICA E ILUMINACIÓN
A26: 5.1 | B26: Provisión y colocación de columnas y artefactos de iluminación en andenes | C26: U | D26: 3 | F26: =+D26*E26 -> 0
A27: 5.3 | B27: Provision y colocación de columnas y artefactos de iluminación en rampa de acceso | C27: U | D27: 1 | F27: =+D27*E27 -> 0
A28: 5.4 | B28: Cableado y Tablero Central | C28: gl | D28: 1 | F28: =+D28*E28 -> 0
A29: 6 | B29: ACCESOS
A30: 6.1 | B30: Ejecución de caminos de acceso | C30: m2 | D30: 69 | F30: =+E30*D30 -> 0
A31: 6.2 | B31: Ejecución rampa para personas con movilidad reducida | C31: U | D31: 1 | F31: =+E31*D31 -> 0
A32: 6.3 | B32: Reacondicionamiento de desagües | C32: gl | D32: 1 | F32: =+E32*D32 -> 0
B33: SUBTOTAL SIN IVA | F33: =SUM(F12:F32) -> 0
B34: IVA 21% | F34: =0.21*F33 -> 0
B35: TOTAL | F35: =+F33+F34 -> 0

Sheet S1 (8)
B3: OBRA: | C3: =+'Ap. RUTA NACIONAL 16'!B4 -> CONSTRUCCIÓN DE APEADEROS DEL SERVICIO SAENZ PEÑA - CHOROTIS
C4: GRUPO IV
C5: =+#REF! -> #REF!
B7: PLANILLA TOTALIZADORA
B9: # | C9: APEADERO | D9: Precio Total con IVA
B10: 1 | C10: =+'Ap. BRASIL'!B5 -> APEADERO BRASIL | D10: 0
B11: 2 | C11: =+'Ap. SARMIENTO'!B5 -> APEADERO SARMIENTO | D11: 0
B12: 3 | C12: =+'Ap. GÜEMES'!B5 -> APEADERO GÜEMES | D12: 0
B13: 4 | C13: =+'Ap. CACIQUE PELAYO'!B5 -> CACIQUE PELAYO | D13: 0
C14: VALOR TOTAL - GRUPO IV | D14: 0
B17: SON Pesos …………………………………………….…………………………………………………………….IVA INCLUIDO.
D26: Firma Apoderado del Oferente

Sheet Ap. BRASIL
A4: OBRA: | B4: =+#REF! -> #REF!
B5: APEADERO BRASIL
B6: PUERTO TIROL - RESISTENCIA - PUERTO VILELAS
B7: LÍNEA BELGRANO
A8: PLANILLA DE COTIZACIÓN
A10: Item | B10: Rubro | C10: Unid. | D10: Cantidad | E10: Precio Unitario | F10: Precio Total
A11: 1 | B11: TAREAS PREVIAS
A12: 1.1 | B12: Obrador | C12: gl | D12: 1 | F12: =+D12*E12 -> 0
A13: 1.2 | B13: Limpieza, demoliciones, vallado, señalización | C13: gl | D13: 1 | F13: =+D13*E13 -> 0
A14: 2 | B14: INGENIERÍA DE OBRA, PROYECTO EJECUTIVO
A15: 2.1 | B15: Proyecto Ejecutivo | C15: gl | D15: 1 | F15: =+D15*E15 -> 0
A16: 2.2 | B16: Documentación Conforme a Obra | C16: gl | D16: 1 | F16: =+D16*E16 -> 0
A17: 3 | B17: PINTURA
A18: 3.1 | B18: Pintura( incl. Liquido fijador para paredes y pintura anticorrosiva para el refugio) | C18: gl | D18: 1 | F18: 0
A19: 4 | B19: ANDEN
A20: 4.1 | B20: Construcción de anden nuevo | C20: ml | D20: 60 | F20: =+D20*E20 -> 0
A21: 4.2 | B21: Bordes y solados reglamentarios en anden | C21: ml | D21: 60 | F21: =+D21*E21 -> 0
A22: 4.3 | B22: Colocación equipamiento y señaletica | C22: gl | D22: 1 | F22: =+D22*E22 -> 0
A23: 4.4 | B23: Instalacion de Baranda perimetral | C23: ml | D23: 70 | F23: =+D23*E23 -> 0
A24: 4.5 | B24: Demolicion de anden existente (Inc.Transporte y disposición de escombros) | C24: gl | D24: 1 | F24: =+D24*E24 -> 0
A25: 5 | B25: INSTALACIÓN ELÉCTRICA E ILUMINACIÓN
A26: 5.1 | B26: Provisión y colocación de columnas y artefactos de iluminación en andenes | C26: U | D26: 3 | F26: =+D26*E26 -> 0
A27: 5.3 | B27: Provision y colocación de columnas y artefactos de iluminación en rampa de acceso | C27: U | D27: 1 | F27: =+D27*E27 -> 0
A28: 5.4 | B28: Cableado y Tablero Central | C28: gl | D28: 1 | F28: =+D28*E28 -> 0
A29: 6 | B29: ACCESOS
A30: 6.1 | B30: =+#REF! -> #REF! | C30: m2 | D30: 23 | F30: =+E30*D30 -> 0
A31: 6.2 | B31: =+#REF! -> #REF! | C31: U | D31: 1 | F31: =+E31*D31 -> 0
A32: 6.3 | B32: =+#REF! -> #REF! | C32: gl | D32: 1 | F32: =+E32*D32 -> 0
B33: SUBTOTAL SIN IVA | F33: 0
B34: IVA 21% | F34: =0.21*F33 -> 0
B35: TOTAL | F35: =+F33+F34 -> 0

Sheet Ap. SARMIENTO
A4: OBRA: | B4: =+#REF! -> #REF!
B5: APEADERO SARMIENTO
B6: PUERTO TIROL - RESISTENCIA - PUERTO VILELAS
B7: LÍNEA BELGRANO
A8: PLANILLA DE COTIZACIÓN
A10: Item | B10: Rubro | C10: Unid. | D10: Cantidad | E10: Precio Unitario | F10: Precio Total
A11: 1 | B11: TAREAS PREVIAS
A12: 1.1 | B12: Obrador | C12: gl | D12: 1 | F12: =+D12*E12 -> 0
A13: 1.2 | B13: Limpieza, demoliciones, vallado, señalización | C13: gl | D13: 1 | F13: =+D13*E13 -> 0
A14: 2 | B14: INGENIERÍA DE OBRA, PROYECTO EJECUTIVO
A15: 2.1 | B15: Proyecto Ejecutivo | C15: gl | D15: 1 | F15: =+D15*E15 -> 0
A16: 2.2 | B16: Documentación Conforme a Obra | C16: gl | D16: 1 | F16: =+D16*E16 -> 0
A17: 3 | B17: PROLONGACION DE ANDEN
A18: 3.1 | B18: Construcción de anden nuevo (incl. Mamposteria perimetral, Hormigon de limpieza, Movimiento de suelos, Revoque y Aislacion hidrofuga horizontal) | C18: ml | D18: 20 | F18: =+D18*E18 -> 0
A19: 3.2 | B19: Relleno, compactación y ejecución de suelo seleccionado | C19: ml | D19: 20
A20: 3.3 | B20: Bordes y solados reglamentarios en andenes | C20: ml | D20: 20 | F20: =+D20*E20 -> 0
A21: 4 | B21: REPARACION DE ANDEN EXISTENTE
A22: 4.1 | B22: Construcción de losa de anden nueva | C22: ml | D22: 40 | F22: =+D22*E22 -> 0
A23: 4.2 | B23: Bordes y solados reglamentarios en anden | C23: ml | D23: 40 | F23: =+D23*E23 -> 0
A24: 4.3 | B24: Relleno, compactación y ejecución de suelo seleccionado | C24: ml | D24: 40
A25: 4.4 | B25: Demolicion de losa de anden existente (Inc.Transporte y disposición de escombros y suelos) | C25: gl | D25: 1 | F25: =+D25*E25 -> 0
A26: 5 | B26: ILUMINACION
A27: 5.1 | B27: Iluminacion(Incl. Tendido Electrico, Puesta a Tierra, columna y artefacto completo) | C27: U | D27: 1 | F27: =+D27*E27 -> 0
A28: 6 | B28: RECONVERSION LUMINICA
A29: 6.1 | B29: Reconversion Luminica(Incl. Tendido Electrico, Puesta a Tierra, columna y artefacto completo) | C29: U | D29: 2 | F29: =+D29*E29 -> 0
A30: 7 | B30: EJECUCION DE VEREDAS DE ACCESO A ANDEN
A31: 7.1 | B31: Ejecucion de veredas de acceso a anden (Incl. Solado, contrapiso y movimento de suelos) | C31: m2 | D31: 5.5 | F31: =+D31*E31 -> 0
A32: 8 | B32: BARANDAS LATERALES Y POSTERIORES
A33: 8.1 | B33: Fabricacion y montaje de las barandas perimetrales de anden | C33: ml | D33: 68 | F33: =+D33*E33 -> 0
A34: 9 | B34: ADECUACION DE RAMPAS DE ACCESO
A35: 9.1 | B35: Adecuacion de Rampas de Acceso (Incl. Estructura soporte, movimiento de suelos, Solados completos y Barandas) | C35: U | D35: 1 | F35: =+D35*E35 -> 0
A36: 10 | B36: SEÑALETICA
A37: 10.1 | B37: Fabricacion y montaje de carteles de estacion (Incl. Pintura reflectiva en cenefa del refugio) | C37: gl | D37: 1 | F37: =+E37*D37 -> 0
A38: 11 | B38: COLOCACION DE ASIENTOS
A39: 11.1 | B39: Provision y colocacion asientos antivandalicos | C39: U | D39: 3 | F39: 0
A40: 12 | B40: CESTO DE RESIDUOS
A41: 12.1 | B41: Fabricacion y montaje de cestos de residuos | C41: U | D41: 4 | F41: 0
A42: 13 | B42: PINTURA
A43: 13.1 | B43: Pintura( incl. Liquido fijador para paredes y pintura anticorrosiva para el refugio) | C43: gl | D43: 1 | F43: 0
B44: SUBTOTAL SIN IVA | F44: =SUM(F18:F37) -> 0
B45: IVA 21% | F45: =0.21*F44 -> 0
B46: TOTAL | F46: =+F44+F45 -> 0

Sheet Ap. GÜEMES
A4: OBRA: | B4: =+#REF! -> #REF!
B5: APEADERO GÜEMES
B6: PUERTO TIROL - RESISTENCIA - PUERTO VILELAS
B7: LÍNEA BELGRANO
A8: PLANILLA DE COTIZACIÓN
A10: Item | B10: Rubro | C10: Unid. | D10: Cantidad | E10: Precio Unitario | F10: Precio Total
A11: 1 | B11: TAREAS PREVIAS
A12: 1.1 | B12: Obrador | C12: gl | D12: 1 | F12: =+D12*E12 -> 0
A13: 1.2 | B13: Limpieza, demoliciones, vallado, señalización | C13: gl | D13: 1 | F13: =+D13*E13 -> 0
A14: 2 | B14: INGENIERÍA DE OBRA, PROYECTO EJECUTIVO
A15: 2.1 | B15: Proyecto Ejecutivo | C15: gl | D15: 1 | F15: =+D15*E15 -> 0
A16: 2.2 | B16: Documentación Conforme a Obra | C16: gl | D16: 1 | F16: =+D16*E16 -> 0
A17: 3 | B17: PINTURA
A18: 3.1 | B18: Pintura( incl. Liquido fijador para paredes y pintura anticorrosiva para el refugio) | C18: gl | D18: 1 | F18: 0
A19: 4 | B19: ANDEN
A20: 4.1 | B20: Construcción de anden nuevo | C20: ml | D20: 60 | F20: =+D20*E20 -> 0
A21: 4.2 | B21: Bordes y solados reglamentarios en anden | C21: ml | D21: 60 | F21: =+D21*E21 -> 0
A22: 4.3 | B22: Colocación equipamiento y señaletica | C22: gl | D22: 1 | F22: =+D22*E22 -> 0
A23: 4.4 | B23: Instalacion de Baranda perimetral | C23: ml | D23: 76 | F23: =+D23*E23 -> 0
A24: 4.5 | B24: Demolicion de anden existente (Inc.Transporte y disposición de escombros) | C24: gl | D24: 1 | F24: =+D24*E24 -> 0
A25: 5 | B25: INSTALACIÓN ELÉCTRICA E ILUMINACIÓN
A26: 5.1 | B26: Provisión y colocación de columnas y artefactos de iluminación en andenes | C26: U | D26: 3 | F26: =+D26*E26 -> 0
A27: 5.3 | B27: Provision y colocación de columnas y artefactos de iluminación en rampa de acceso | C27: U | D27: 1 | F27: =+D27*E27 -> 0
A28: 5.4 | B28: Cableado y Tablero Central | C28: gl | D28: 1 | F28: =+D28*E28 -> 0
A29: 6 | B29: ACCESOS
A30: 6.1 | B30: Ejecución de caminos de acceso | C30: m2 | D30: =4.5*1.5 -> 6.75 | F30: =+E30*D30 -> 0
A31: 6.2 | B31: Ejecución rampa para personas con movilidad reducida | C31: U | D31: 1 | F31: =+E31*D31 -> 0
A32: 6.3 | B32: Reacondicionamiento de desagües | C32: gl | D32: 1 | F32: =+E32*D32 -> 0
B33: SUBTOTAL SIN IVA | F33: 0
B34: IVA 21% | F34: =0.21*F33 -> 0
B35: TOTAL | F35: =+F33+F34 -> 0

Sheet Ap. CACIQUE PELAYO
A4: OBRA: | B4: =+#REF! -> #REF!
B5: CACIQUE PELAYO
B6: PUERTO TIROL - RESISTENCIA - PUERTO VILELAS
B7: LÍNEA BELGRANO
A8: PLANILLA DE COTIZACIÓN
A10: Item | B10: Rubro | C10: Unid. | D10: Cantidad | E10: Precio Unitario | F10: Precio Total
A11: 1 | B11: TAREAS PREVIAS
A12: 1.1 | B12: Obrador | C12: gl | D12: 1 | F12: =+D12*E12 -> 0
A13: 1.2 | B13: Limpieza, demoliciones, vallado, señalización | C13: gl | D13: 1 | F13: =+D13*E13 -> 0
A14: 2 | B14: INGENIERÍA DE OBRA, PROYECTO EJECUTIVO
A15: 2.1 | B15: Proyecto Ejecutivo | C15: gl | D15: 1 | F15: =+D15*E15 -> 0
A16: 2.2 | B16: Documentación Conforme a Obra | C16: gl | D16: 1 | F16: =+D16*E16 -> 0
A17: 3 | B17: PINTURA
A18: 3.1 | B18: Pintura( incl. Liquido fijador para paredes y pintura anticorrosiva para el refugio) | C18: gl | D18: 1 | F18: 0
A19: 4 | B19: ANDEN
A20: 4.1 | B20: Construcción de anden nuevo | C20: ml | D20: 60 | F20: =+D20*E20 -> 0
A21: 4.2 | B21: Bordes y solados reglamentarios en anden | C21: ml | D21: 60 | F21: =+D21*E21 -> 0
A22: 4.3 | B22: Colocación equipamiento y señaletica | C22: gl | D22: 1 | F22: =+D22*E22 -> 0
A23: 4.4 | B23: Instalacion de Baranda perimetral | C23: ml | D23: 72 | F23: =+D23*E23 -> 0
A24: 4.5 | B24: Demolicion de anden existente (Inc.Transporte y disposición de escombros) | C24: gl | D24: 1 | F24: =+D24*E24 -> 0
A25: 5 | B25: INSTALACIÓN ELÉCTRICA E ILUMINACIÓN
A26: 5.1 | B26: Provisión y colocación de columnas y artefactos de iluminación en andenes | C26: U | D26: 3 | F26: =+D26*E26 -> 0
A27: 5.3 | B27: Provision y colocación de columnas y artefactos de iluminación en rampa de acceso | C27: U | D27: 1 | F27: =+D27*E27 -> 0
A28: 5.4 | B28: Cableado y Tablero Central | C28: gl | D28: 1 | F28: =+D28*E28 -> 0
A29: 6 | B29: ACCESOS
A30: 6.1 | B30: Ejecución de caminos de acceso | C30: m2 | D30: 20 | F30: =+E30*D30 -> 0
A31: 6.2 | B31: Ejecución rampa para personas con movilidad reducida | C31: U | D31: 1 | F31: =+E31*D31 -> 0
A32: 6.3 | B32: Reacondicionamiento de desagües | C32: gl | D32: 1 | F32: =+E32*D32 -> 0
B33: SUBTOTAL SIN IVA | F33: 0
B34: IVA 21% | F34: =0.21*F33 -> 0
B35: TOTAL | F35: =+F33+F34 -> 0

Sheet S1 (6)
B3: OBRA: | C3: =+'Ap. RUTA NACIONAL 16'!B4 -> CONSTRUCCIÓN DE APEADEROS DEL SERVICIO SAENZ PEÑA - CHOROTIS
C4: GRUPO V
C5: =+#REF! -> #REF!
B7: PLANILLA TOTALIZADORA
B9: # | C9: APEADERO | D9: Precio Total con IVA
B10: 1 | C10: =+'Ap. SIERRAS DE CORDOBA'!B5 -> SIERRAS DE CORDOBA | D10: 0
B11: 2 | C11: =+'Ap. FOTHERINGAN'!B5 -> FOTHERINGAN | D11: 0
B12: 3 | C12: =+'Ap. FRAY ROSSI'!B5 -> FRAY ROSSI | D12: 0
B13: 4 | C13: =+'Ap. HERNANDARIAS'!B5 -> HERNANDARIAS | D13: 0
B14: 5 | C14: =+'Ap. BELGRANO'!B5 -> BELGRANO | D14: 0
B15: 6 | C15: =+'Ap. ALBERDI'!B5 -> ALBERDI | D15: 0
B16: 7 | C16: =+'Ap. SAN MARTIN'!B5 -> SAN MARTIN | D16: 0
C17: VALOR TOTAL - GRUPO V | D17: 0
B20: SON Pesos …………………………………………….…………………………………………………………….IVA INCLUIDO.
D29: Firma Apoderado del Oferente

Sheet Ap. SIERRAS DE CORDOBA
A4: OBRA: | B4: =+#REF! -> #REF!
B5: SIERRAS DE CORDOBA
B6: PUERTO TIROL - RESISTENCIA - PUERTO VILELAS
B7: LÍNEA BELGRANO
A8: PLANILLA DE COTIZACIÓN
A10: Item | B10: Rubro | C10: Unid. | D10: Cantidad | E10: Precio Unitario | F10: Precio Total
A11: 1 | B11: TAREAS PREVIAS
A12: 1.1 | B12: Obrador | C12: gl | D12: 1 | F12: =+D12*E12 -> 0
A13: 1.2 | B13: Limpieza, demoliciones, vallado, señalización | C13: gl | D13: 1 | F13: =+D13*E13 -> 0
A14: 2 | B14: INGENIERÍA DE OBRA, PROYECTO EJECUTIVO
A15: 2.1 | B15: Proyecto Ejecutivo | C15: gl | D15: 1 | F15: =+D15*E15 -> 0
A16: 2.2 | B16: Documentación Conforme a Obra | C16: gl | D16: 1 | F16: =+D16*E16 -> 0
A17: 3 | B17: PROLONGACION DE ANDEN
A18: 3.1 | B18: Construcción de anden nuevo (incl. Mamposteria perimetral, Hormigon de limpieza, Movimiento de suelos, Revoque y Aislacion hidrofuga horizontal) | C18: ml | D18: 20 | F18: =+D18*E18 -> 0
A19: 3.2 | B19: Relleno, compactación y ejecución de suelo seleccionado | C19: ml | D19: 20
A20: 3.4 | B20: Bordes y solados reglamentarios en andenes | C20: ml | D20: 20 | F20: =+D20*E20 -> 0
A21: 4 | B21: REPARACION DE ANDEN EXISTENTE
A22: 4.1 | B22: Construcción de losa de anden nueva | C22: ml | D22: 40 | F22: =+D22*E22 -> 0
A23: 4.2 | B23: Bordes y solados reglamentarios en anden | C23: ml | D23: 40 | F23: =+D23*E23 -> 0
A24: 4.3 | B24: Relleno, compactación y ejecución de suelo seleccionado | C24: ml | D24: 40
A25: 4.5 | B25: Demolicion de losa de anden existente (Inc.Transporte y disposición de escombros y suelos) | C25: gl | D25: 1 | F25: =+D25*E25 -> 0
A26: 5 | B26: ILUMINACION
A27: 5.1 | B27: Iluminacion(Incl. Tendido Electrico, Puesta a Tierra, columna y artefacto completo) | C27: U | D27: 1 | F27: =+D27*E27 -> 0
A28: 6 | B28: RECONVERSION LUMINICA
A29: 6.1 | B29: Reconversion Luminica(Incl. Tendido Electrico, Puesta a Tierra y artefacto completo) | C29: U | D29: 2 | F29: =+D29*E29 -> 0
A30: 7 | B30: ADECUACION DE RAMPAS DE ACCESO
A31: 7.1 | B31: Adecuacion de Rampas de Acceso (Incl. Estructura soporte, movimiento de suelos, Solados completos y Barandas) | C31: U | D31: 1 | F31: =+D31*E31 -> 0
A32: 8 | B32: BARANDAS LATERALES Y POSTERIORES
A33: 8.1 | B33: Fabricacion y montaje de las barandas perimetrales de anden | C33: ml | D33: 72 | F33: =+D33*E33 -> 0
A34: 9 | B34: SEÑALETICA
A35: 9.1 | B35: Fabricacion y montaje de carteles de estacion (Incl. Pintura reflectiva en cenefa del refugio) | C35: gl | D35: 1 | F35: =+E35*D35 -> 0
A36: 10 | B36: COLOCACION DE ASIENTOS
A37: 10.1 | B37: Provision y colocacion asientos antivandalicos | C37: U | D37: 3 | F37: 0
A38: 11 | B38: CESTO DE RESIDUOS
A39: 11.1 | B39: Fabricacion y montaje de cestos de residuos | C39: U | D39: 4 | F39: 0
A40: 12 | B40: PINTURA
A41: 12.1 | B41: Pintura( incl. Liquido fijador para paredes y pintura anticorrosiva para el refugio) | C41: gl | D41: 1 | F41: 0
B42: SUBTOTAL SIN IVA | F42: =SUM(F26:F35) -> 0
B43: IVA 21% | F43: =0.21*F42 -> 0
B44: TOTAL | F44: =+F42+F43 -> 0

Sheet Ap. FOTHERINGAN
A4: OBRA: | B4: =+#REF! -> #REF!
B5: FOTHERINGAN
B6: PUERTO TIROL - RESISTENCIA - PUERTO VILELAS
B7: LÍNEA BELGRANO
A8: PLANILLA DE COTIZACIÓN
A10: Item | B10: Rubro | C10: Unid. | D10: Cantidad | E10: Precio Unitario | F10: Precio Total
A11: 1 | B11: TAREAS PREVIAS
A12: 1.1 | B12: Obrador | C12: gl | D12: 1 | F12: =+D12*E12 -> 0
A13: 1.2 | B13: Limpieza, demoliciones, vallado, señalización | C13: gl | D13: 1 | F13: =+D13*E13 -> 0
A14: 2 | B14: INGENIERÍA DE OBRA, PROYECTO EJECUTIVO
A15: 2.1 | B15: Proyecto Ejecutivo | C15: gl | D15: 1 | F15: =+D15*E15 -> 0
A16: 2.2 | B16: Documentación Conforme a Obra | C16: gl | D16: 1 | F16: =+D16*E16 -> 0
A17: 3 | B17: PROLONGACION DE ANDEN
A18: 3.1 | B18: Construcción de anden nuevo (incl. Mamposteria perimetral, Hormigon de limpieza, Movimiento de suelos, Revoque y Aislacion hidrofuga horizontal) | C18: ml | D18: 40 | F18: =+D18*E18 -> 0
A19: 3.2 | B19: Relleno, compactación y ejecución de suelo seleccionado | C19: ml | D19: 40
A20: 3.3 | B20: Bordes y solados reglamentarios en andenes | C20: ml | D20: 40 | F20: =+D20*E20 -> 0
A21: 4 | B21: REPARACION DE ANDEN EXISTENTE
A22: 4.1 | B22: Construcción de losa de anden nueva | C22: ml | D22: 20 | F22: =+D22*E22 -> 0
A23: 4.2 | B23: Bordes y solados reglamentarios en anden | C23: ml | D23: 20 | F23: =+D23*E23 -> 0
A24: 4.3 | B24: Relleno, compactación y ejecución de suelo seleccionado | C24: ml | D24: 20
A25: 4.4 | B25: Demolicion de losa de anden existente (Inc.Transporte y disposición de escombros y suelos) | C25: gl | D25: 1 | F25: =+D25*E25 -> 0
A26: 5 | B26: ILUMINACION
A27: 5.1 | B27: Iluminacion(Incl. Tendido Electrico, Puesta a Tierra, columna y artefacto completo) | C27: U | D27: 1 | F27: =+D27*E27 -> 0
A28: 6 | B28: RECONVERSION LUMINICA
A29: 6.1 | B29: Reconversion Luminica(Incl. Tendido Electrico, Puesta a Tierra y artefacto completo) | C29: U | D29: 2 | F29: =+D29*E29 -> 0
A30: 7 | B30: BARANDAS LATERALES Y POSTERIORES
A31: 7.1 | B31: Fabricacion y montaje de las barandas perimetrales de anden | C31: ml | D31: 72 | F31: =+D31*E31 -> 0
A32: 8 | B32: ADECUACION DE RAMPAS DE ACCESO
A33: 8.1 | B33: Adecuacion de Rampas de Acceso (Incl. Estructura soporte, movimiento de suelos, Solados completos y Barandas) | C33: U | D33: 1 | F33: =+D33*E33 -> 0
A34: 9 | B34: SEÑALETICA
A35: 9.1 | B35: Fabricacion y montaje de carteles de estacion (Incl. Pintura reflectiva en cenefa del refugio) | C35: gl | D35: 1 | F35: =+E35*D35 -> 0
A36: 10 | B36: COLOCACION DE ASIENTOS
A37: 10.1 | B37: Provision y colocacion asientos antivandalicos | C37: U | D37: 3 | F37: 0
A38: 11 | B38: CESTO DE RESIDUOS
A39: 11.1 | B39: Fabricacion y montaje de cestos de residuos | C39: U | D39: 4 | F39: 0
A40: 12 | B40: PINTURA
A41: 12.1 | B41: Pintura( incl. Liquido fijador para paredes y pintura anticorrosiva para el refugio) | C41: gl | D41: 1 | F41: 0
B42: SUBTOTAL SIN IVA | F42: =SUM(F26:F35) -> 0
B43: IVA 21% | F43: =0.21*F42 -> 0
B44: TOTAL | F44: =+F42+F43 -> 0

Sheet Ap. FRAY ROSSI
A4: OBRA: | B4: =+#REF! -> #REF!
B5: FRAY ROSSI
B6: PUERTO TIROL - RESISTENCIA - PUERTO VILELAS
B7: LÍNEA BELGRANO
A8: PLANILLA DE COTIZACIÓN
A10: Item | B10: Rubro | C10: Unid. | D10: Cantidad | E10: Precio Unitario | F10: Precio Total
A11: 1 | B11: TAREAS PREVIAS
A12: 1.1 | B12: Obrador | C12: gl | D12: 1 | F12: =+D12*E12 -> 0
A13: 1.2 | B13: Limpieza, demoliciones, vallado, señalización | C13: gl | D13: 1 | F13: =+D13*E13 -> 0
A14: 2 | B14: INGENIERÍA DE OBRA, PROYECTO EJECUTIVO
A15: 2.1 | B15: Proyecto Ejecutivo | C15: gl | D15: 1 | F15: =+D15*E15 -> 0
A16: 2.2 | B16: Documentación Conforme a Obra | C16: gl | D16: 1 | F16: =+D16*E16 -> 0
A17: 3 | B17: PROLONGACION DE ANDEN
A18: 3.1 | B18: Construcción de anden nuevo (incl. Mamposteria perimetral, Hormigon de limpieza, Movimiento de suelos, Revoque y Aislacion hidrofuga horizontal) | C18: ml | D18: 40 | F18: =+D18*E18 -> 0
A19: 3.2 | B19: Relleno, compactación y ejecución de suelo seleccionado | C19: ml | D19: 40
A20: 3.3 | B20: Bordes y solados reglamentarios en andenes | C20: ml | D20: 40 | F20: =+D20*E20 -> 0
A21: 4 | B21: REPARACION DE ANDEN EXISTENTE
A22: 4.1 | B22: Construcción de losa de anden nueva | C22: ml | D22: 80 | F22: =+D22*E22 -> 0
A23: 4.2 | B23: Bordes y solados reglamentarios en anden | C23: ml | D23: 80 | F23: =+D23*E23 -> 0
A24: 4.3 | B24: Relleno, compactación y ejecución de suelo seleccionado | C24: ml | D24: 80
A25: 4.4 | B25: Demolicion de losa de anden existente (Inc.Transporte y disposición de escombros y suelos) | C25: gl | D25: 1 | F25: =+D25*E25 -> 0
A26: 5 | B26: ILUMINACION
A27: 5.1 | B27: Iluminacion(Incl. Tendido Electrico, Puesta a Tierra, columna y artefacto completo) | C27: U | D27: 5 | F27: =+D27*E27 -> 0
A28: 6 | B28: ADECUACION DE RAMPAS DE ACCESO
A29: 6.1 | B29: Adecuacion de Rampas de Acceso (Incl. Estructura soporte, movimiento de suelos, Solados completos y Barandas) | C29: U | D29: 2 | F29: =+D29*E29 -> 0
A30: 7 | B30: EJECUCION DE VEREDAS DE ACCESO A ANDEN
A31: 7.1 | B31: Ejecucion de veredas de acceso a anden (Incl. Solado, contrapiso y movimento de suelos) | C31: m2 | D31: =20*1.5+10*1.5*2 -> 60 | F31: =+D31*E31 -> 0
A32: 7.2 | B32: Ejecucion de Pasos Peatonales y Laberintos | C32: U | D32: 1 | F32: 0
A33: 8 | B33: BARANDAS LATERALES Y POSTERIORES
A34: 8.1 | B34: Fabricacion y montaje de las barandas perimetrales de anden | C34: ml | D34: =72*2 -> 144 | F34: =+D34*E34 -> 0
A35: 9 | B35: SEÑALETICA
A36: 9.1 | B36: Fabricacion y montaje de carteles de estacion (Incl. Pintura reflectiva en cenefa del refugio) | C36: gl | D36: 1 | F36: =+E36*D36 -> 0
A37: 10 | B37: COLOCACION DE ASIENTOS
A38: 10.1 | B38: Provision y colocacion asientos antivandalicos | C38: U | D38: 5 | F38: 0
A39: 11 | B39: CESTO DE RESIDUOS
A40: 11.1 | B40: Fabricacion y montaje de cestos de residuos | C40: U | D40: 6 | F40: 0
A41: 12 | B41: PINTURA
A42: 12.1 | B42: Pintura( incl. Liquido fijador para paredes y pintura anticorrosiva para el refugio) | C42: gl | D42: 1 | F42: 0
A43: 13 | B43: REFUGIO
A44: 13.1 | B44: Fabricacion y montaje del refugio de pasajeros(incl. Pintura) | C44: U | D44: 1 | F44: 0
B45: SUBTOTAL SIN IVA | F45: =SUM(F26:F36) -> 0
B46: IVA 21% | F46: =0.21*F45 -> 0
B47: TOTAL | F47: =+F45+F46 -> 0

Sheet Ap. HERNANDARIAS
A4: OBRA: | B4: =+#REF! -> #REF!
B5: HERNANDARIAS
B6: PUERTO TIROL - RESISTENCIA - PUERTO VILELAS
B7: LÍNEA BELGRANO
A8: PLANILLA DE COTIZACIÓN
A10: Item | B10: Rubro | C10: Unid. | D10: Cantidad | E10: Precio Unitario | F10: Precio Total
A11: 1 | B11: TAREAS PREVIAS
A12: 1.1 | B12: Obrador | C12: gl | D12: 1 | F12: =+D12*E12 -> 0
A13: 1.2 | B13: Limpieza, demoliciones, vallado, señalización | C13: gl | D13: 1 | F13: =+D13*E13 -> 0
A14: 2 | B14: INGENIERÍA DE OBRA, PROYECTO EJECUTIVO
A15: 2.1 | B15: Proyecto Ejecutivo | C15: gl | D15: 1 | F15: =+D15*E15 -> 0
A16: 2.2 | B16: Documentación Conforme a Obra | C16: gl | D16: 1 | F16: =+D16*E16 -> 0
A17: 3 | B17: PROLONGACION DE ANDEN
A18: 3.1 | B18: Construcción de anden nuevo (incl. Mamposteria perimetral, Hormigon de limpieza, Movimiento de suelos, Revoque y Aislacion hidrofuga horizontal) | C18: ml | D18: 20 | F18: =+D18*E18 -> 0
A19: 3.2 | B19: Relleno, compactación y ejecución de suelo seleccionado | C19: ml | D19: 20
A20: 3.3 | B20: Bordes y solados reglamentarios en andenes | C20: ml | D20: 20 | F20: =+D20*E20 -> 0
A21: 4 | B21: REPARACION DE ANDEN EXISTENTE
A22: 4.1 | B22: Construcción de losa de anden nueva | C22: ml | D22: 40 | F22: =+D22*E22 -> 0
A23: 4.2 | B23: Bordes y solados reglamentarios en anden | C23: ml | D23: 40 | F23: =+D23*E23 -> 0
A24: 4.3 | B24: Relleno, compactación y ejecución de suelo seleccionado | C24: ml | D24: 40
A25: 4.4 | B25: Demolicion de losa de anden existente (Inc.Transporte y disposición de escombros y suelos) | C25: gl | D25: 1 | F25: =+D25*E25 -> 0
A26: 5 | B26: ILUMINACION
A27: 5.1 | B27: Iluminacion(Incl. Tendido Electrico, Puesta a Tierra, columna y artefacto completo) | C27: U | D27: 3 | F27: =+D27*E27 -> 0
A28: 6 | B28: ADECUACION DE RAMPAS DE ACCESO
A29: 6.1 | B29: Adecuacion de Rampas de Acceso (Incl. Estructura soporte, movimiento de suelos, Solados completos y Barandas) | C29: U | D29: 1 | F29: =+D29*E29 -> 0
A30: 7 | B30: EJECUCION DE VEREDAS DE ACCESO A ANDEN
A31: 7.1 | B31: Ejecucion de veredas de acceso a anden (Incl. Solado, contrapiso y movimento de suelos) | C31: m2 | D31: 30 | F31: =+D31*E31 -> 0
A32: 8 | B32: BARANDAS LATERALES Y POSTERIORES
A33: 8.1 | B33: Fabricacion y montaje de las barandas perimetrales de anden | C33: ml | D33: 72 | F33: =+D33*E33 -> 0
A34: 9 | B34: SEÑALETICA
A35: 9.1 | B35: Fabricacion y montaje de carteles de estacion (Incl. Pintura reflectiva en cenefa del refugio) | C35: gl | D35: 1 | F35: =+E35*D35 -> 0
A36: 10 | B36: COLOCACION DE ASIENTOS
A37: 10.1 | B37: Provision y colocacion asientos antivandalicos | C37: U | D37: 3 | F37: 0
A38: 11 | B38: CESTO DE RESIDUOS
A39: 11.1 | B39: Fabricacion y montaje de cestos de residuos | C39: U | D39: 4 | F39: 0
A40: 12 | B40: PINTURA
A41: 12.1 | B41: Pintura( incl. Liquido fijador para paredes y pintura anticorrosiva para el refugio) | C41: gl | D41: 1 | F41: 0
B42: SUBTOTAL SIN IVA | F42: =SUM(F26:F35) -> 0
B43: IVA 21% | F43: =0.21*F42 -> 0
B44: TOTAL | F44: =+F42+F43 -> 0

Sheet Ap. BELGRANO
A4: OBRA: | B4: =+#REF! -> #REF!
B5: BELGRANO
B6: PUERTO TIROL - RESISTENCIA - PUERTO VILELAS
B7: LÍNEA BELGRANO
A8: PLANILLA DE COTIZACIÓN
A10: Item | B10: Rubro | C10: Unid. | D10: Cantidad | E10: Precio Unitario | F10: Precio Total
A11: 1 | B11: TAREAS PREVIAS
A12: 1.1 | B12: Obrador | C12: gl | D12: 1 | F12: =+D12*E12 -> 0
A13: 1.2 | B13: Limpieza, demoliciones, vallado, señalización | C13: gl | D13: 1 | F13: =+D13*E13 -> 0
A14: 2 | B14: INGENIERÍA DE OBRA, PROYECTO EJECUTIVO
A15: 2.1 | B15: Proyecto Ejecutivo | C15: gl | D15: 1 | F15: =+D15*E15 -> 0
A16: 2.2 | B16: Documentación Conforme a Obra | C16: gl | D16: 1 | F16: =+D16*E16 -> 0
A17: 3 | B17: PROLONGACION DE ANDEN
A18: 3.1 | B18: Construcción de anden nuevo (incl. Mamposteria perimetral, Hormigon de limpieza, Movimiento de suelos, Revoque y Aislacion hidrofuga horizontal) | C18: ml | D18: 19.1 | F18: =+D18*E18 -> 0
A19: 3.2 | B19: Relleno, compactación y ejecución de suelo seleccionado | C19: ml | D19: 19.1
A20: 3.3 | B20: Bordes y solados reglamentarios en andenes | C20: ml | D20: 19.1 | F20: =+D20*E20 -> 0
A21: 4 | B21: REPARACION DE ANDEN EXISTENTE
A22: 4.1 | B22: Construcción de losa de anden nueva | C22: ml | D22: 40.9 | F22: =+D22*E22 -> 0
A23: 4.2 | B23: Bordes y solados reglamentarios en anden | C23: ml | D23: 40.9 | F23: =+D23*E23 -> 0
A24: 4.3 | B24: Relleno, compactación y ejecución de suelo seleccionado | C24: ml | D24: 40.9
A25: 4.4 | B25: Demolicion de losa de anden existente (Inc.Transporte y disposición de escombros y suelos) | C25: gl | D25: 1 | F25: =+D25*E25 -> 0
A26: 5 | B26: ILUMINACION
A27: 5.1 | B27: Iluminacion(Incl. Tendido Electrico, Puesta a Tierra, columna y artefacto completo) | C27: U | D27: 3 | F27: =+D27*E27 -> 0
A28: 6 | B28: ADECUACION DE RAMPAS DE ACCESO
A29: 6.1 | B29: Adecuacion de Rampas de Acceso (Incl. Estructura soporte, movimiento de suelos, Solados completos y Barandas) | C29: U | D29: 1 | F29: =+D29*E29 -> 0
A30: 7 | B30: EJECUCION DE VEREDAS DE ACCESO A ANDEN
A31: 7.1 | B31: Ejecucion de veredas de acceso a anden (Incl. Solado, contrapiso y movimento de suelos) | C31: m2 | D31: 10 | F31: =+D31*E31 -> 0
A32: 8 | B32: BARANDAS LATERALES Y POSTERIORES
A33: 8.1 | B33: Fabricacion y montaje de las barandas perimetrales de anden | C33: ml | D33: 72 | F33: =+D33*E33 -> 0
A34: 9 | B34: SEÑALETICA
A35: 9.1 | B35: Fabricacion y montaje de carteles de estacion (Incl. Pintura reflectiva en cenefa del refugio) | C35: gl | D35: 1 | F35: =+E35*D35 -> 0
A36: 10 | B36: COLOCACION DE ASIENTOS
A37: 10.1 | B37: Provision y colocacion asientos antivandalicos | C37: U | D37: 3 | F37: 0
A38: 11 | B38: CESTO DE RESIDUOS
A39: 11.1 | B39: Fabricacion y montaje de cestos de residuos | C39: U | D39: 4 | F39: 0
A40: 12 | B40: PINTURA
A41: 12.1 | B41: Pintura( incl. Liquido fijador para paredes y pintura anticorrosiva para el refugio) | C41: gl | D41: 1 | F41: 0
B42: SUBTOTAL SIN IVA | F42: =SUM(F26:F35) -> 0
B43: IVA 21% | F43: =0.21*F42 -> 0
B44: TOTAL | F44: =+F42+F43 -> 0

Sheet Ap. ALBERDI
A4: OBRA: | B4: =+#REF! -> #REF!
B5: ALBERDI
B6: PUERTO TIROL - RESISTENCIA - PUERTO VILELAS
B7: LÍNEA BELGRANO
A8: PLANILLA DE COTIZACIÓN
A10: Item | B10: Rubro | C10: Unid. | D10: Cantidad | E10: Precio Unitario | F10: Precio Total
A11: 1 | B11: TAREAS PREVIAS
A12: 1.1 | B12: Obrador | C12: gl | D12: 1 | F12: =+D12*E12 -> 0
A13: 1.2 | B13: Limpieza, demoliciones, vallado, señalización | C13: gl | D13: 1 | F13: =+D13*E13 -> 0
A14: 2 | B14: INGENIERÍA DE OBRA, PROYECTO EJECUTIVO
A15: 2.1 | B15: Proyecto Ejecutivo | C15: gl | D15: 1 | F15: =+D15*E15 -> 0
A16: 2.2 | B16: Documentación Conforme a Obra | C16: gl | D16: 1 | F16: =+D16*E16 -> 0
A17: 3 | B17: PROLONGACION DE ANDEN
A18: 3.1 | B18: Construcción de anden nuevo (incl. Mamposteria perimetral, Hormigon de limpieza, Movimiento de suelos, Revoque y Aislacion hidrofuga horizontal) | C18: ml | D18: 20 | F18: =+D18*E18 -> 0
A19: 3.2 | B19: Relleno, compactación y ejecución de suelo seleccionado | C19: ml | D19: 20
A20: 3.3 | B20: Bordes y solados reglamentarios en andenes | C20: ml | D20: 20 | F20: =+D20*E20 -> 0
A21: 4 | B21: REPARACION DE ANDEN EXISTENTE
A22: 4.1 | B22: Construcción de losa de anden nueva | C22: ml | D22: 40 | F22: =+D22*E22 -> 0
A23: 4.2 | B23: Bordes y solados reglamentarios en anden | C23: ml | D23: 40 | F23: =+D23*E23 -> 0
A24: 4.3 | B24: Relleno, compactación y ejecución de suelo seleccionado | C24: ml | D24: 40
A25: 4.4 | B25: Demolicion de losa de anden existente (Inc.Transporte y disposición de escombros y suelos) | C25: gl | D25: 1 | F25: =+D25*E25 -> 0
A26: 5 | B26: RECONVERSION LUMINICA
A27: 5.1 | B27: Reconversion Luminica(Incl. Tendido Electrico, Puesta a Tierra, columna y artefacto completo) | C27: U | D27: 3 | F27: =+D27*E27 -> 0
A28: 6 | B28: EJECUCION DE VEREDAS DE ACCESO A ANDEN
A29: 6.1 | B29: Ejecucion de veredas de acceso a anden (Incl. Solado, contrapiso y movimento de suelos) | C29: m2 | D29: 10 | F29: =+D29*E29 -> 0
A30: 7 | B30: SEÑALETICA
A31: 7.1 | B31: Fabricacion y montaje de carteles de estacion (Incl. Pintura reflectiva en cenefa del refugio) | C31: gl | D31: 1 | F31: =+E31*D31 -> 0
A32: 8 | B32: COLOCACION DE ASIENTOS
A33: 8.1 | B33: Provision y colocacion asientos antivandalicos | C33: U | D33: 3 | F33: 0
A34: 9 | B34: CESTO DE RESIDUOS
A35: 9.1 | B35: Fabricacion y montaje de cestos de residuos | C35: U | D35: 4 | F35: 0
A36: 10 | B36: PINTURA
A37: 10.1 | B37: Pintura( incl. Liquido fijador para paredes y pintura anticorrosiva para el refugio) | C37: gl | D37: 1 | F37: 0
B38: SUBTOTAL SIN IVA | F38: =SUM(F26:F31) -> 0
B39: IVA 21% | F39: =0.21*F38 -> 0
B40: TOTAL | F40: =+F38+F39 -> 0

Sheet Ap. SAN MARTIN
A4: OBRA: | B4: =+#REF! -> #REF!
B5: SAN MARTIN
B6: PUERTO TIROL - RESISTENCIA - PUERTO VILELAS
B7: LÍNEA BELGRANO
A8: PLANILLA DE COTIZACIÓN
A10: Item | B10: Rubro | C10: Unid. | D10: Cantidad | E10: Precio Unitario | F10: Precio Total
A11: 1 | B11: TAREAS PREVIAS
A12: 1.1 | B12: Obrador | C12: gl | D12: 1 | F12: =+D12*E12 -> 0
A13: 1.2 | B13: Limpieza, demoliciones, vallado, señalización | C13: gl | D13: 1 | F13: =+D13*E13 -> 0
A14: 2 | B14: INGENIERÍA DE OBRA, PROYECTO EJECUTIVO
A15: 2.1 | B15: Proyecto Ejecutivo | C15: gl | D15: 1 | F15: =+D15*E15 -> 0
A16: 2.2 | B16: Documentación Conforme a Obra | C16: gl | D16: 1 | F16: =+D16*E16 -> 0
A17: 3 | B17: PROLONGACION DE ANDEN
A18: 3.1 | B18: Construcción de anden nuevo (incl. Mamposteria perimetral, Hormigon de limpieza, Movimiento de suelos, Revoque y Aislacion hidrofuga horizontal) | C18: ml | D18: 20 | F18: =+D18*E18 -> 0
A19: 3.2 | B19: Relleno, compactación y ejecución de suelo seleccionado | C19: ml | D19: 20
A20: 3.3 | B20: Bordes y solados reglamentarios en andenes | C20: ml | D20: 20 | F20: =+D20*E20 -> 0
A21: 4 | B21: REPARACION DE ANDEN EXISTENTE
A22: 4.1 | B22: Construcción de losa de anden nueva | C22: ml | D22: 40 | F22: =+D22*E22 -> 0
A23: 4.2 | B23: Bordes y solados reglamentarios en anden | C23: ml | D23: 40 | F23: =+D23*E23 -> 0
A24: 4.3 | B24: Relleno, compactación y ejecución de suelo seleccionado | C24: ml | D24: 40
A25: 4.4 | B25: Demolicion de losa de anden existente (Inc.Transporte y disposición de escombros y suelos) | C25: gl | D25: 1 | F25: =+D25*E25 -> 0
A26: 5 | B26: ILUMINACION
A27: 5.1 | B27: Iluminacion(Incl. Tendido Electrico, Puesta a Tierra, columna y artefacto completo) | C27: U | D27: 1 | F27: =+D27*E27 -> 0
A28: 6 | B28: RECONVERSION LUMINICA
A29: 6.1 | B29: Reconversion Luminica(Incl. Tendido Electrico, Puesta a Tierra, columna y artefacto completo) | C29: U | D29: 2 | F29: =+D29*E29 -> 0
A30: 7 | B30: ADECUACION DE RAMPAS DE ACCESO
A31: 7.1 | B31: Adecuacion de Rampas de Acceso (Incl. Estructura soporte, movimiento de suelos, Solados completos y Barandas) | C31: U | D31: 1 | F31: =+D31*E31 -> 0
A32: 8 | B32: EJECUCION DE VEREDAS DE ACCESO A ANDEN
A33: 8.1 | B33: Ejecucion de veredas de acceso a anden (Incl. Solado, contrapiso y movimento de suelos) | C33: m2 | D33: 9 | F33: =+D33*E33 -> 0
A34: 9 | B34: BARANDAS LATERALES Y POSTERIORES
A35: 9.1 | B35: Fabricacion y montaje de las barandas perimetrales de anden | C35: ml | D35: 68 | F35: =+D35*E35 -> 0
A36: 10 | B36: SEÑALETICA
A37: 10.1 | B37: Fabricacion y montaje de carteles de estacion (Incl. Pintura reflectiva en cenefa del refugio) | C37: gl | D37: 1 | F37: =+E37*D37 -> 0
A38: 11 | B38: COLOCACION DE ASIENTOS
A39: 11.1 | B39: Provision y colocacion asientos antivandalicos | C39: U | D39: 3 | F39: 0
A40: 12 | B40: CESTO DE RESIDUOS
A41: 12.1 | B41: Fabricacion y montaje de cestos de residuos | C41: U | D41: 4 | F41: 0
A42: 13 | B42: PINTURA
A43: 13.1 | B43: Pintura( incl. Liquido fijador para paredes y pintura anticorrosiva para el refugio) | C43: gl | D43: 1 | F43: 0
B44: SUBTOTAL SIN IVA | F44: =SUM(F26:F37) -> 0
B45: IVA 21% | F45: =0.21*F44 -> 0
B46: TOTAL | F46: =+F44+F45 -> 0

Sheet S1 (7)
B3: OBRA: | C3: =+'Ap. RUTA NACIONAL 16'!B4 -> CONSTRUCCIÓN DE APEADEROS DEL SERVICIO SAENZ PEÑA - CHOROTIS
C4: GRUPO VI
C5: =+#REF! -> #REF!
B7: PLANILLA TOTALIZADORA
B9: # | C9: APEADERO | D9: Precio Total con IVA
B10: 1 | C10: =+'Ap. SILVANO DANTE'!B5 -> SILVANO DANTE | D10: 0
B11: 2 | C11: =+'Ap. BOUVIER'!B5 -> BOUVIER | D11: 0
B12: 3 | C12: =+'Ap. COCOMAROLA'!B5 -> COCOMAROLA | D12: 0
B13: 4 | C13: =+'Ap. GUSBERTI'!B5 -> GUSBERTI | D13: 0
B14: 5 | C14: =+'Ap. SAUCE'!B5 -> SAUCE | D14: 0
B15: 6 | C15: =+'Ap. ALGARROBO'!B5 -> ALGARROBO | D15: 0
B16: 7 | C16: =+'Ap. MOSCONI'!B5 -> MOSCONI | D16: 0
C17: VALOR TOTAL - GRUPO VI | D17: 0
B20: SON Pesos …………………………………………….…………………………………………………………….IVA INCLUIDO.
D29: Firma Apoderado del Oferente

Sheet Ap. SILVANO DANTE
A4: OBRA: | B4: =+#REF! -> #REF!
B5: SILVANO DANTE
B6: PUERTO TIROL - RESISTENCIA - PUERTO VILELAS
B7: LÍNEA BELGRANO
A8: PLANILLA DE COTIZACIÓN
A10: Item | B10: Rubro | C10: Unid. | D10: Cantidad | E10: Precio Unitario | F10: Precio Total
A11: 1 | B11: TAREAS PREVIAS
A12: 1.1 | B12: Obrador | C12: gl | D12: 1 | F12: =+D12*E12 -> 0
A13: 1.2 | B13: Limpieza, demoliciones, vallado, señalización | C13: gl | D13: 1 | F13: =+D13*E13 -> 0
A14: 2 | B14: INGENIERÍA DE OBRA, PROYECTO EJECUTIVO
A15: 2.1 | B15: Proyecto Ejecutivo | C15: gl | D15: 1 | F15: =+D15*E15 -> 0
A16: 2.2 | B16: Documentación Conforme a Obra | C16: gl | D16: 1 | F16: =+D16*E16 -> 0
A17: 3 | B17: PROLONGACION DE ANDEN
A18: 3.1 | B18: Construcción de anden nuevo (incl. Mamposteria perimetral, Hormigon de limpieza, Movimiento de suelos, Revoque y Aislacion hidrofuga horizontal) | C18: ml | D18: 20 | F18: =+D18*E18 -> 0
A19: 3.2 | B19: Relleno, compactación y ejecución de suelo seleccionado | C19: ml | D19: 20
A20: 3.3 | B20: Bordes y solados reglamentarios en andenes | C20: ml | D20: 20 | F20: =+D20*E20 -> 0
A21: 4 | B21: REPARACION DE ANDEN EXISTENTE
A22: 4.1 | B22: Construcción de losa de anden nueva | C22: ml | D22: 40 | F22: =+D22*E22 -> 0
A23: 4.2 | B23: Bordes y solados reglamentarios en anden | C23: ml | D23: 40 | F23: =+D23*E23 -> 0
A24: 4.3 | B24: Relleno, compactación y ejecución de suelo seleccionado | C24: ml | D24: 40
A25: 4.4 | B25: Demolicion de losa de anden existente (Inc.Transporte y disposición de escombros y suelos) | C25: gl | D25: 1 | F25: =+D25*E25 -> 0
A26: 5 | B26: ILUMINACION
A27: 5.1 | B27: Iluminacion(Incl. Tendido Electrico, Puesta a Tierra, columna y artefacto completo) | C27: U | D27: 3 | F27: =+D27*E27 -> 0
A28: 6 | B28: RECONVERSION LUMINICA
A29: 6.1 | B29: Reconversion Luminica(Incl. Tendido Electrico, Puesta a Tierra, columna y artefacto completo) | C29: U | D29: 1 | F29: =+D29*E29 -> 0
A30: 7 | B30: ADECUACION DE RAMPAS DE ACCESO
A31: 7.1 | B31: Adecuacion de Rampas de Acceso (Incl. Estructura soporte, movimiento de suelos, Solados completos y Barandas) | C31: U | D31: 1 | F31: =+D31*E31 -> 0
A32: 8 | B32: EJECUCION DE VEREDAS DE ACCESO A ANDEN
A33: 8.1 | B33: Ejecucion de veredas de acceso a anden (Incl. Solado, contrapiso y movimento de suelos) | C33: m2 | D33: 48 | F33: =+D33*E33 -> 0
A34: 8.2 | B34: Ejecucion de Pasos Peatonales y Laberintos | C34: U | D34: 1 | F34: 0
A35: 9 | B35: BARANDAS LATERALES Y POSTERIORES
A36: 9.1 | B36: Fabricacion y montaje de las barandas perimetrales de anden | C36: ml | D36: 68 | F36: =+D36*E36 -> 0
A37: 10 | B37: SEÑALETICA
A38: 10.1 | B38: Fabricacion y montaje de carteles de estacion (Incl. Pintura reflectiva en cenefa del refugio) | C38: gl | D38: 1 | F38: =+E38*D38 -> 0
A39: 11 | B39: COLOCACION DE ASIENTOS
A40: 11.1 | B40: Provision y colocacion asientos antivandalicos | C40: U | D40: 3 | F40: 0
A41: 12 | B41: CESTO DE RESIDUOS
A42: 12.1 | B42: Fabricacion y montaje de cestos de residuos | C42: U | D42: 4 | F42: 0
A43: 13 | B43: PINTURA
A44: 13.1 | B44: Pintura( incl. Liquido fijador para paredes y pintura anticorrosiva para el refugio) | C44: gl | D44: 1 | F44: 0
B45: SUBTOTAL SIN IVA | F45: =SUM(F26:F38) -> 0
B46: IVA 21% | F46: =0.21*F45 -> 0
B47: TOTAL | F47: =+F45+F46 -> 0

Sheet Ap. BOUVIER
A4: OBRA: | B4: =+#REF! -> #REF!
B5: BOUVIER
B6: PUERTO TIROL - RESISTENCIA - PUERTO VILELAS
B7: LÍNEA BELGRANO
A8: PLANILLA DE COTIZACIÓN
A10: Item | B10: Rubro | C10: Unid. | D10: Cantidad | E10: Precio Unitario | F10: Precio Total
A11: 1 | B11: TAREAS PREVIAS
A12: 1.1 | B12: Obrador | C12: gl | D12: 1 | F12: =+D12*E12 -> 0
A13: 1.2 | B13: Limpieza, demoliciones, vallado, señalización | C13: gl | D13: 1 | F13: =+D13*E13 -> 0
A14: 2 | B14: INGENIERÍA DE OBRA, PROYECTO EJECUTIVO
A15: 2.1 | B15: Proyecto Ejecutivo | C15: gl | D15: 1 | F15: =+D15*E15 -> 0
A16: 2.2 | B16: Documentación Conforme a Obra | C16: gl | D16: 1 | F16: =+D16*E16 -> 0
A17: 3 | B17: PROLONGACION DE ANDEN
A18: 3.1 | B18: Construcción de anden nuevo (incl. Mamposteria perimetral, Hormigon de limpieza, Movimiento de suelos, Revoque y Aislacion hidrofuga horizontal) | C18: ml | D18: 20 | F18: =+D18*E18 -> 0
A19: 3.2 | B19: Relleno, compactación y ejecución de suelo seleccionado | C19: ml | D19: 20
A20: 3.3 | B20: Bordes y solados reglamentarios en andenes | C20: ml | D20: 20 | F20: =+D20*E20 -> 0
A21: 4 | B21: REPARACION DE ANDEN EXISTENTE
A22: 4.1 | B22: Construcción de losa de anden nueva | C22: ml | D22: 40 | F22: =+D22*E22 -> 0
A23: 4.2 | B23: Bordes y solados reglamentarios en anden | C23: ml | D23: 40 | F23: =+D23*E23 -> 0
A24: 4.3 | B24: Relleno, compactación y ejecución de suelo seleccionado | C24: ml | D24: 40
A25: 4.4 | B25: Demolicion de losa de anden existente (Inc.Transporte y disposición de escombros y suelos) | C25: gl | D25: 1 | F25: =+D25*E25 -> 0
A26: 5 | B26: ILUMINACION
A27: 5.1 | B27: Iluminacion(Incl. Tendido Electrico, Puesta a Tierra, columna y artefacto completo) | C27: U | D27: 3 | F27: =+D27*E27 -> 0
A28: 6 | B28: RECONVERSION LUMINICA
A29: 6.1 | B29: Reconversion Luminica(Incl. Tendido Electrico, Puesta a Tierra, columna y artefacto completo) | C29: U | D29: 1 | F29: =+D29*E29 -> 0
A30: 7 | B30: ADECUACION DE RAMPAS DE ACCESO
A31: 7.1 | B31: Adecuacion de Rampas de Acceso (Incl. Estructura soporte, movimiento de suelos, Solados completos y Barandas) | C31: U | D31: 2 | F31: =+D31*E31 -> 0
A32: 8 | B32: EJECUCION DE VEREDAS DE ACCESO A ANDEN
A33: 8.1 | B33: Ejecucion de veredas de acceso a anden (Incl. Solado, contrapiso y movimento de suelos) | C33: m2 | D33: 20 | F33: =+D33*E33 -> 0
A34: 8.2 | B34: Ejecucion de Pasos Peatonales y Laberintos | C34: U | D34: 1 | F34: 0
A35: 9 | B35: BARANDAS LATERALES Y POSTERIORES
A36: 9.1 | B36: Fabricacion y montaje de las barandas perimetrales de anden | C36: ml | D36: 68 | F36: =+D36*E36 -> 0
A37: 10 | B37: SEÑALETICA
A38: 10.1 | B38: Fabricacion y montaje de carteles de estacion (Incl. Pintura reflectiva en cenefa del refugio) | C38: gl | D38: 1 | F38: =+E38*D38 -> 0
A39: 11 | B39: COLOCACION DE ASIENTOS
A40: 11.1 | B40: Provision y colocacion asientos antivandalicos | C40: U | D40: 3 | F40: 0
A41: 12 | B41: CESTO DE RESIDUOS
A42: 12.1 | B42: Fabricacion y montaje de cestos de residuos | C42: U | D42: 4 | F42: 0
A43: 13 | B43: PINTURA
A44: 13.1 | B44: Pintura( incl. Liquido fijador para paredes y pintura anticorrosiva para el refugio) | C44: gl | D44: 1 | F44: 0
B45: SUBTOTAL SIN IVA | F45: =SUM(F26:F38) -> 0
B46: IVA 21% | F46: =0.21*F45 -> 0
B47: TOTAL | F47: =+F45+F46 -> 0

Sheet Ap. COCOMAROLA
A4: OBRA: | B4: =+#REF! -> #REF!
B5: COCOMAROLA
B6: PUERTO TIROL - RESISTENCIA - PUERTO VILELAS
B7: LÍNEA BELGRANO
A8: PLANILLA DE COTIZACIÓN
A10: Item | B10: Rubro | C10: Unid. | D10: Cantidad | E10: Precio Unitario | F10: Precio Total
A11: 1 | B11: TAREAS PREVIAS
A12: 1.1 | B12: Obrador | C12: gl | D12: 1 | F12: =+D12*E12 -> 0
A13: 1.2 | B13: Limpieza, demoliciones, vallado, señalización | C13: gl | D13: 1 | F13: =+D13*E13 -> 0
A14: 2 | B14: INGENIERÍA DE OBRA, PROYECTO EJECUTIVO
A15: 2.1 | B15: Proyecto Ejecutivo | C15: gl | D15: 1 | F15: =+D15*E15 -> 0
A16: 2.2 | B16: Documentación Conforme a Obra | C16: gl | D16: 1 | F16: =+D16*E16 -> 0
A17: 3 | B17: PINTURA
A18: 3.1 | B18: Pintura( incl. Liquido fijador para paredes y pintura anticorrosiva para el refugio) | C18: gl | D18: 1 | F18: 0
A19: 4 | B19: ANDEN
A20: 4.1 | B20: Construcción de anden nuevo | C20: ml | D20: 60 | F20: =+D20*E20 -> 0
A21: 4.2 | B21: Bordes y solados reglamentarios en anden | C21: ml | D21: 60 | F21: =+D21*E21 -> 0
A22: 4.3 | B22: Colocación equipamiento y señaletica | C22: gl | D22: 1 | F22: =+D22*E22 -> 0
A23: 4.4 | B23: Instalacion de Baranda perimetral | C23: ml | D23: 70 | F23: =+D23*E23 -> 0
A24: 4.5 | B24: Demolicion de anden existente (Inc.Transporte y disposición de escombros) | C24: gl | D24: 1 | F24: =+D24*E24 -> 0
A25: 5 | B25: INSTALACIÓN ELÉCTRICA E ILUMINACIÓN
A26: 5.1 | B26: Provisión y colocación de columnas y artefactos de iluminación en anden | C26: U | D26: 3 | F26: =+D26*E26 -> 0
A27: 5.3 | B27: Provision y colocación de columnas y artefactos de iluminación en rampa de acceso | C27: U | D27: 1 | F27: =+D27*E27 -> 0
A28: 5.4 | B28: Cableado y Tablero Central | C28: gl | D28: 1 | F28: =+D28*E28 -> 0
A29: 6 | B29: ACCESOS
A30: 6.1 | B30: Ejecución de caminos de acceso | C30: m2 | D30: =10*1.5 -> 15 | F30: =+E30*D30 -> 0
A31: 6.2 | B31: Ejecución rampa para personas con movilidad reducida | C31: U | D31: 1 | F31: =+E31*D31 -> 0
A32: 6.3 | B32: Ejecucion de Pasos Peatonales y Laberintos | C32: U | D32: 1 | F32: 0
A33: 6.4 | B33: Reacondicionamiento de desagües | C33: gl | D33: 1 | F33: =+E33*D33 -> 0
A34: 7 | B34: REFUGIO
A35: 7.1 | B35: Fabricacion y montaje del refugio de pasajeros | C35: U | D35: 1 | F35: 0
B36: SUBTOTAL SIN IVA | F36: 0
B37: IVA 21% | F37: 0
B38: TOTAL | F38: =+F36+F37 -> 0

Sheet Ap. GUSBERTI
A4: OBRA: | B4: =+#REF! -> #REF!
B5: GUSBERTI
B6: PUERTO TIROL - RESISTENCIA - PUERTO VILELAS
B7: LÍNEA BELGRANO
A8: PLANILLA DE COTIZACIÓN
A10: Item | B10: Rubro | C10: Unid. | D10: Cantidad | E10: Precio Unitario | F10: Precio Total
A11: 1 | B11: TAREAS PREVIAS
A12: 1.1 | B12: Obrador | C12: gl | D12: 1 | F12: =+D12*E12 -> 0
A13: 1.2 | B13: Limpieza, demoliciones, vallado, señalización | C13: gl | D13: 1 | F13: =+D13*E13 -> 0
A14: 2 | B14: INGENIERÍA DE OBRA, PROYECTO EJECUTIVO
A15: 2.1 | B15: Proyecto Ejecutivo | C15: gl | D15: 1 | F15: =+D15*E15 -> 0
A16: 2.2 | B16: Documentación Conforme a Obra | C16: gl | D16: 1 | F16: =+D16*E16 -> 0
A17: 3 | B17: PROLONGACION DE ANDEN
A18: 3.1 | B18: Construcción de anden nuevo (incl. Mamposteria perimetral, Hormigon de limpieza, Movimiento de suelos, Revoque y Aislacion hidrofuga horizontal) | C18: ml | D18: 10 | F18: =+D18*E18 -> 0
A19: 3.2 | B19: Relleno, compactación y ejecución de suelo seleccionado | C19: ml | D19: 10
A20: 3.3 | B20: Bordes y solados reglamentarios en andenes | C20: ml | D20: 10 | F20: =+D20*E20 -> 0
A21: 4 | B21: REPARACION DE ANDEN EXISTENTE
A22: 4.1 | B22: Construcción de losa de anden nueva | C22: ml | D22: 50 | F22: =+D22*E22 -> 0
A23: 4.2 | B23: Bordes y solados reglamentarios en anden | C23: ml | D23: 50 | F23: =+D23*E23 -> 0
A24: 4.3 | B24: Relleno, compactación y ejecución de suelo seleccionado | C24: ml | D24: 50
A25: 4.4 | B25: Demolicion de losa de anden existente (Inc.Transporte y disposición de escombros y suelos) | C25: gl | D25: 1 | F25: =+D25*E25 -> 0
A26: 5 | B26: ILUMINACION
A27: 5.1 | B27: Iluminacion(Incl. Tendido Electrico, Puesta a Tierra, columna y artefacto completo) | C27: U | D27: 2 | F27: =+D27*E27 -> 0
A28: 6 | B28: RECONVERSION LUMINICA
A29: 6.1 | B29: Reconversion Luminica(Incl. Tendido Electrico, Puesta a Tierra, columna y artefacto completo) | C29: gl | D29: 1 | F29: =+D29*E29 -> 0
A30: 7 | B30: ADECUACION DE RAMPAS DE ACCESO
A31: 7.1 | B31: Adecuacion de Rampas de Acceso (Incl. Estructura soporte, movimiento de suelos, Solados completos y Barandas) | C31: U | D31: 1 | F31: =+D31*E31 -> 0
A32: 8 | B32: EJECUCION DE VEREDAS DE ACCESO A ANDEN
A33: 8.1 | B33: Ejecucion de veredas de acceso a anden (Incl. Solado, contrapiso y movimento de suelos) | C33: m2 | D33: 14 | F33: =+D33*E33 -> 0
A34: 8.2 | B34: Ejecucion de Pasos Peatonales y Laberintos | C34: U | D34: 1 | F34: 0
A35: 9 | B35: BARANDAS LATERALES Y POSTERIORES
A36: 9.1 | B36: Fabricacion y montaje de las barandas perimetrales de anden | C36: ml | D36: 72 | F36: =+D36*E36 -> 0
A37: 10 | B37: SEÑALETICA
A38: 10.1 | B38: Fabricacion y montaje de carteles de estacion (Incl. Pintura reflectiva en cenefa del refugio) | C38: gl | D38: 1 | F38: =+E38*D38 -> 0
A39: 11 | B39: COLOCACION DE ASIENTOS
A40: 11.1 | B40: Provision y colocacion asientos antivandalicos | C40: U | D40: 4 | F40: 0
A41: 12 | B41: CESTO DE RESIDUOS
A42: 12.1 | B42: Fabricacion y montaje de cestos de residuos | C42: U | D42: 4 | F42: 0
A43: 13 | B43: PINTURA
A44: 13.1 | B44: Pintura (incl. Liquido fijador para paredes y pintura anticorrosiva para el refugio) | C44: gl | D44: 1 | F44: 0
B45: SUBTOTAL SIN IVA | F45: =SUM(F26:F38) -> 0
B46: IVA 21% | F46: =0.21*F45 -> 0
B47: TOTAL | F47: =+F45+F46 -> 0

Sheet Ap. SAUCE
A4: OBRA: | B4: =+#REF! -> #REF!
B5: SAUCE
B6: PUERTO TIROL - RESISTENCIA - PUERTO VILELAS
B7: LÍNEA BELGRANO
A8: PLANILLA DE COTIZACIÓN
A10: Item | B10: Rubro | C10: Unid. | D10: Cantidad | E10: Precio Unitario | F10: Precio Total
A11: 1 | B11: TAREAS PREVIAS
A12: 1.1 | B12: Obrador | C12: gl | D12: 1 | F12: =+D12*E12 -> 0
A13: 1.2 | B13: Limpieza, demoliciones, vallado, señalización | C13: gl | D13: 1 | F13: =+D13*E13 -> 0
A14: 2 | B14: INGENIERÍA DE OBRA, PROYECTO EJECUTIVO
A15: 2.1 | B15: Proyecto Ejecutivo | C15: gl | D15: 1 | F15: =+D15*E15 -> 0
A16: 2.2 | B16: Documentación Conforme a Obra | C16: gl | D16: 1 | F16: =+D16*E16 -> 0
A17: 3 | B17: PROLONGACION DE ANDEN
A18: 3.1 | B18: Construcción de anden nuevo (incl. Mamposteria perimetral, Hormigon de limpieza, Movimiento de suelos, Revoque y Aislacion hidrofuga horizontal) | C18: ml | D18: 18 | F18: =+D18*E18 -> 0
A19: 3.2 | B19: Relleno, compactación y ejecución de suelo seleccionado | C19: ml | D19: 18
A20: 3.3 | B20: Bordes y solados reglamentarios en andenes | C20: ml | D20: 18 | F20: =+D20*E20 -> 0
A21: 4 | B21: REPARACION DE ANDEN EXISTENTE
A22: 4.1 | B22: Construcción de losa de anden nueva | C22: ml | D22: 42 | F22: =+D22*E22 -> 0
A23: 4.2 | B23: Bordes y solados reglamentarios en anden | C23: ml | D23: 42 | F23: =+D23*E23 -> 0
A24: 4.3 | B24: Relleno, compactación y ejecución de suelo seleccionado | C24: ml | D24: 42
A25: 4.4 | B25: Demolicion de losa de anden existente (Inc.Transporte y disposición de escombros y suelos) | C25: gl | D25: 1 | F25: =+D25*E25 -> 0
A26: 5 | B26: ILUMINACION
A27: 5.1 | B27: Iluminacion(Incl. Tendido Electrico, Puesta a Tierra, columna y artefacto completo) | C27: U | D27: 3 | F27: =+D27*E27 -> 0
A28: 6 | B28: RECONVERSION LUMINICA
A29: 6.1 | B29: Reconversion Luminica(Incl. Tendido Electrico, Puesta a Tierra, columna y artefacto completo) | C29: gl | D29: 1 | F29: =+D29*E29 -> 0
A30: 7 | B30: ADECUACION DE RAMPAS DE ACCESO
A31: 7.1 | B31: Adecuacion de Rampas de Acceso (Incl. Estructura soporte, movimiento de suelos, Solados completos y Barandas) | C31: U | D31: 1 | F31: =+D31*E31 -> 0
A32: 8 | B32: EJECUCION DE VEREDAS DE ACCESO A ANDEN
A33: 8.1 | B33: Ejecucion de veredas de acceso a anden (Incl. Solado, contrapiso y movimento de suelos) | C33: m2 | D33: 18 | F33: =+D33*E33 -> 0
A34: 8.2 | B34: Ejecucion de Pasos Peatonales y Laberintos | C34: U | D34: 1 | F34: 0
A35: 9 | B35: BARANDAS LATERALES Y POSTERIORES
A36: 9.1 | B36: Fabricacion y montaje de las barandas perimetrales de anden | C36: ml | D36: 65 | F36: =+D36*E36 -> 0
A37: 10 | B37: SEÑALETICA
A38: 10.1 | B38: Fabricacion y montaje de carteles de estacion (Incl. Pintura reflectiva en cenefa del refugio) | C38: gl | D38: 1 | F38: =+E38*D38 -> 0
A39: 11 | B39: COLOCACION DE ASIENTOS
A40: 11.1 | B40: Provision y colocacion asientos antivandalicos | C40: U | D40: 3 | F40: 0
A41: 12 | B41: CESTO DE RESIDUOS
A42: 12.1 | B42: Fabricacion y montaje de cestos de residuos | C42: U | D42: 4 | F42: 0
A43: 13 | B43: PINTURA
A44: 13.1 | B44: Pintura( incl. Liquido fijador para paredes y pintura anticorrosiva para el refugio) | C44: gl | D44: 1 | F44: 0
B45: SUBTOTAL SIN IVA | F45: =SUM(F26:F38) -> 0
B46: IVA 21% | F46: =0.21*F45 -> 0
B47: TOTAL | F47: =+F45+F46 -> 0

Sheet Ap. ALGARROBO
A4: OBRA: | B4: =+#REF! -> #REF!
B5: ALGARROBO
B6: PUERTO TIROL - RESISTENCIA - PUERTO VILELAS
B7: LÍNEA BELGRANO
A8: PLANILLA DE COTIZACIÓN
A10: Item | B10: Rubro | C10: Unid. | D10: Cantidad | E10: Precio Unitario | F10: Precio Total
A11: 1 | B11: TAREAS PREVIAS
A12: 1.1 | B12: Obrador | C12: gl | D12: 1 | F12: =+D12*E12 -> 0
A13: 1.2 | B13: Limpieza, demoliciones, vallado, señalización | C13: gl | D13: 1 | F13: =+D13*E13 -> 0
A14: 2 | B14: INGENIERÍA DE OBRA, PROYECTO EJECUTIVO
A15: 2.1 | B15: Proyecto Ejecutivo | C15: gl | D15: 1 | F15: =+D15*E15 -> 0
A16: 2.2 | B16: Documentación Conforme a Obra | C16: gl | D16: 1 | F16: =+D16*E16 -> 0
A17: 3 | B17: PROLONGACION DE ANDEN
A18: 3.1 | B18: Construcción de anden nuevo (incl. Mamposteria perimetral, Hormigon de limpieza, Movimiento de suelos, Revoque y Aislacion hidrofuga horizontal) | C18: ml | D18: 19 | F18: =+D18*E18 -> 0
A19: 3.2 | B19: Relleno, compactación y ejecución de suelo seleccionado | C19: ml | D19: 19
A20: 3.3 | B20: Bordes y solados reglamentarios en andenes | C20: ml | D20: 19 | F20: =+D20*E20 -> 0
A21: 4 | B21: REPARACION DE ANDEN EXISTENTE
A22: 4.1 | B22: Construcción de losa de anden nueva | C22: ml | D22: 41 | F22: =+D22*E22 -> 0
A23: 4.2 | B23: Bordes y solados reglamentarios en anden | C23: ml | D23: 41 | F23: =+D23*E23 -> 0
A24: 4.3 | B24: Relleno, compactación y ejecución de suelo seleccionado | C24: ml | D24: 41
A25: 4.4 | B25: Demolicion de losa de anden existente (Inc.Transporte y disposición de escombros y suelos) | C25: gl | D25: 1 | F25: =+D25*E25 -> 0
A26: 5 | B26: ILUMINACION
A27: 5.1 | B27: Iluminacion(Incl. Tendido Electrico, Puesta a Tierra, columna y artefacto completo) | C27: U | D27: 3 | F27: =+D27*E27 -> 0
A28: 6 | B28: ADECUACION DE RAMPAS DE ACCESO
A29: 6.1 | B29: Adecuacion de Rampas de Acceso (Incl. Estructura soporte, movimiento de suelos, Solados completos y Barandas) | C29: U | D29: 1 | F29: =+D29*E29 -> 0
A30: 7 | B30: EJECUCION DE VEREDAS DE ACCESO A ANDEN
A31: 7.1 | B31: Ejecucion de veredas de acceso a anden (Incl. Solado, contrapiso y movimento de suelos) | C31: m2 | D31: 15 | F31: =+D31*E31 -> 0
A32: 8 | B32: BARANDAS LATERALES Y POSTERIORES
A33: 8.1 | B33: Fabricacion y montaje de las barandas perimetrales de anden | C33: ml | D33: 65 | F33: =+D33*E33 -> 0
A34: 9 | B34: SEÑALETICA
A35: 9.1 | B35: Fabricacion y montaje de carteles de estacion (Incl. Pintura reflectiva en cenefa del refugio) | C35: gl | D35: 1 | F35: =+E35*D35 -> 0
A36: 10 | B36: COLOCACION DE ASIENTOS
A37: 10.1 | B37: Provision y colocacion asientos antivandalicos | C37: U | D37: 3 | F37: 0
A38: 11 | B38: CESTO DE RESIDUOS
A39: 11.1 | B39: Fabricacion y montaje de cestos de residuos | C39: U | D39: 4 | F39: 0
A40: 12 | B40: PINTURA
A41: 12.1 | B41: Pintura( incl. Liquido fijador para paredes y pintura anticorrosiva para el refugio) | C41: gl | D41: 1 | F41: 0
B42: SUBTOTAL SIN IVA | F42: =SUM(F26:F35) -> 0
B43: IVA 21% | F43: =0.21*F42 -> 0
B44: TOTAL | F44: =+F42+F43 -> 0

Sheet Ap. MOSCONI
A4: OBRA: | B4: =+#REF! -> #REF!
B5: MOSCONI
B6: PUERTO TIROL - RESISTENCIA - PUERTO VILELAS
B7: LÍNEA BELGRANO
A8: PLANILLA DE COTIZACIÓN
A10: Item | B10: Rubro | C10: Unid. | D10: Cantidad | E10: Precio Unitario | F10: Precio Total
A11: 1 | B11: TAREAS PREVIAS
A12: 1.1 | B12: Obrador | C12: gl | D12: 1 | F12: =+D12*E12 -> 0
A13: 1.2 | B13: Limpieza, demoliciones, vallado, señalización | C13: gl | D13: 1 | F13: =+D13*E13 -> 0
A14: 2 | B14: INGENIERÍA DE OBRA, PROYECTO EJECUTIVO
A15: 2.1 | B15: Proyecto Ejecutivo | C15: gl | D15: 1 | F15: =+D15*E15 -> 0
A16: 2.2 | B16: Documentación Conforme a Obra | C16: gl | D16: 1 | F16: =+D16*E16 -> 0
A17: 3 | B17: PROLONGACION DE ANDEN
A18: 3.1 | B18: Construcción de anden nuevo (incl. Mamposteria perimetral, Hormigon de limpieza, Movimiento de suelos, Revoque y Aislacion hidrofuga horizontal) | C18: ml | D18: 21 | F18: =+D18*E18 -> 0
A19: 3.2 | B19: Relleno, compactación y ejecución de suelo seleccionado | C19: ml | D19: 21
A20: 3.4 | B20: Bordes y solados reglamentarios en andenes | C20: ml | D20: 21 | F20: =+D20*E20 -> 0
A21: 4 | B21: REPARACION DE ANDEN EXISTENTE
A22: 4.1 | B22: Construcción de losa de anden nueva | C22: ml | D22: 39 | F22: =+D22*E22 -> 0
A23: 4.2 | B23: Bordes y solados reglamentarios en anden | C23: ml | D23: 39 | F23: =+D23*E23 -> 0
A24: 4.3 | B24: Relleno, compactación y ejecución de suelo seleccionado | C24: ml | D24: 39
A25: 4.5 | B25: Demolicion de losa de anden existente (Inc.Transporte y disposición de escombros y suelos) | C25: gl | D25: 1 | F25: =+D25*E25 -> 0
A26: 5 | B26: ILUMINACION
A27: 5.1 | B27: Iluminacion(Incl. Tendido Electrico, Puesta a Tierra, columna y artefacto completo) | C27: U | D27: 2 | F27: =+D27*E27 -> 0
A28: 6 | B28: RECONVERSION LUMINICA
A29: 6.1 | B29: Reconversion Luminica(Incl. Tendido Electrico, Puesta a Tierra, columna y artefacto completo) | C29: U | D29: 2 | F29: =+D29*E29 -> 0
A30: 7 | B30: ADECUACION DE RAMPAS DE ACCESO
A31: 7.1 | B31: Adecuacion de Rampas de Acceso (Incl. Estructura soporte, movimiento de suelos, Solados completos y Barandas) | C31: U | D31: 1 | F31: =+D31*E31 -> 0
A32: 8 | B32: BARANDAS LATERALES Y POSTERIORES
A33: 8.1 | B33: Fabricacion y montaje de las barandas perimetrales de anden | C33: ml | D33: 70 | F33: =+D33*E33 -> 0
A34: 9 | B34: SEÑALETICA
A35: 9.1 | B35: Fabricacion y montaje de carteles de estacion (Incl. Pintura reflectiva en cenefa del refugio) | C35: gl | D35: 1 | F35: =+E35*D35 -> 0
A36: 10 | B36: COLOCACION DE ASIENTOS
A37: 10.1 | B37: Provision y colocacion asientos antivandalicos | C37: U | D37: 4 | F37: 0
A38: 11 | B38: CESTO DE RESIDUOS
A39: 11.1 | B39: Fabricacion y montaje de cestos de residuos | C39: U | D39: 4 | F39: 0
A40: 12 | B40: PINTURA
A41: 12.1 | B41: Pintura( incl. Liquido fijador para paredes y pintura anticorrosiva para el refugio) | C41: gl | D41: 1 | F41: 0
B42: SUBTOTAL SIN IVA | F42: =SUM(F26:F35) -> 0
B43: IVA 21% | F43: =0.21*F42 -> 0
B44: TOTAL | F44: =+F42+F43 -> 0

Sheet S1 (5)
C3: OBRA: | D3: =+'Ap. RUTA NACIONAL 16'!B4 -> CONSTRUCCIÓN DE APEADEROS DEL SERVICIO SAENZ PEÑA - CHOROTIS
D4: RAMAL U15 y U5
D5: LÍNEA URQUIZA
C7: PLANILLA TOTALIZADORA
B9: GRUPO | C9: Item | D9: APEADERO | E9: Precio Total con IVA
B10: GRUPO 1 | C10: 1 | D10: =+#REF! -> #REF! | E10: 0
C11: 2 | D11: =+'Ap. RUTA NACIONAL 16'!B5 -> Ap. RUTA NACIONAL 16 | E11: 0
C12: 3 | D12: =+#REF! -> #REF! | E12: 0
D13: RAMIREZ U15 /// RAMIREZ U5 /// DIV. DE LOS ANDES | E13: 0
B14: GRUPO 2 | C14: 1 | D14: =+#REF! -> #REF! | E14: 0
C15: 2 | D15: =+#REF! -> #REF! | E15: 0
C16: 3 | D16: =+#REF! -> #REF! | E16: 0
D17: MIGUEL DAVID /// LAS GARZAS /// GDOR. PARERA | E17: =+E13 -> 0
B18: GRUPO 3 | C18: 1 | D18: =+'Ap.LOS AROMOS'!B5 -> Bº LOS AROMOS | E18: 0
C19: 2 | D19: =+#REF! -> #REF! | E19: 0
C20: 3 | D20: =+#REF! -> #REF! | E20: 0
D21: SALVADOR CAPUTTO /// MAYA /// CNIA AVELLANEDA | E21: =+E17 -> 0
B22: GRUPO 4 | C22: 1 | D22: =+#REF! -> #REF! | E22: 0
C23: 2 | D23: =+#REF! -> #REF! | E23: 0
C24: 3 | D24: =+#REF! -> #REF! | E24: 0
D25: ORO VERDE /// VILLA FONTANA /// BARRIO AZUL | E25: =+E21 -> 0
D26: VALOR TOTAL DE LA OFERTA | E26: =+E25+E21+E17+E13 -> 0
C29: SON Pesos …………………………………………….…………………………………………………………….IVA INCLUIDO.
E38: Firma Apoderado del Oferente

Sheet UNIV
A1: OBRA: | B1: ADECUACION DE ESTACIONES Y APEADEROS- ETAPA III
B2: UNIVERSIDAD DE LUJAN KM 64,900
B3: LÍNEA SARMIENTO | M3: accesos
L4: def | M4: long | N4: ancho
A5: PLANILLA DE COTIZACIÓN | L5: 1 | M5: 12.5 | N5: 2.5 | O5: =+M5*N5 -> 31.25
L6: 2 | M6: 12.5 | N6: 2.5 | O6: =+M6*N6 -> 31.25
A7: Item | B7: Rubro | C7: Unid. | D7: Cantidad | E7: Precio Unitario | F7: Precio Total | L7: 3 | M7: 10.2 | N7: 2.5 | O7: =+M7*N7 -> 25.5
A8: 1 | B8: TAREAS PREVIAS | L8: 4 | M8: 10.2 | N8: 2.5 | O8: =+M8*N8 -> 25.5
A9: 1.1 | B9: Obrador | C9: gl | D9: 1 | E9: =+#REF! -> #REF! | F9: =+D9*E9 -> #REF! | O9: =SUM(O5:O8) -> 113.5
A10: 1.2 | B10: Limpieza, demoliciones, vallado, señalización | C10: gl | D10: 1 | E10: =+#REF! -> #REF! | F10: =+D10*E10 -> #REF!
A11: 2 | B11: INGENIERÍA DE OBRA, PROYECTO EJECUTIVO
A12: 2.1 | B12: Proyecto ejecutivo | C12: gl | D12: 1 | E12: =0.01*3000000 -> 30000 | F12: =+D12*E12 -> 30000 | I12: ancho | J12: largo
A13: 3 | B13: BOLETERIA
B14: Construcción de boletería | C14: gl | D14: 1 | E14: =+#REF! -> #REF! | F14: =+D14*E14 -> #REF! | H14: refugio | I14: 2.7 | J14: 5 | K14: =+I14*J14 -> 13.5
G15: =SUM(F14:F15) -> #REF! | H15: refugio+boleteria | I15: 4.8 | J15: 10 | K15: =+I15*J15 -> 48
A16: 4 | B16: ANDENES
A17: 4.1 | B17: Demolición anden existente | C17: gl | D17: 1 | E17: =+#REF!*60*4*2 -> #REF! | F17: =+D17*E17 -> #REF!
A18: 4.2 | B18: Construcción de anden nuevo | C18: m2 | D18: =160*2*2.5 -> 800 | E18: =+#REF! -> #REF! | F18: =+D18*E18 -> #REF!
A19: 4.3 | B19: Bordes reglamentarios | C19: m2 | D19: =160*2 -> 320 | E19: =+#REF! -> #REF! | F19: =+D19*E19 -> #REF!
A20: 4.7 | B20: Colocación de Equipamiento y Señaletica | C20: gl | D20: 1 | E20: =+#REF!*1.5 -> #REF! | F20: =+D20*E20 -> #REF! | G20: =SUM(F17:F20) -> #REF! | H20: =+G20/D18 -> #REF!
A21: 5 | B21: ILUMINACIÓN
A22: 5.1 | B22: Proyecto y Documentación (INCLUIDO EN EL PROYECTO DE APEADERO)
A23: 5.2 | B23: Construcción de Cañeros | C23: m | D23: =160*2+20 -> 340 | E23: =+#REF! -> #REF! | F23: =+D23*E23 -> #REF!
A24: 5.3 | B24: Provisión y colocación de columnas y artefactos de iluminación en andenes | C24: U. | D24: 16 | E24: =+#REF! -> #REF! | F24: =+D24*E24 -> #REF!
A25: 5.4 | B25: Provisión y colocación de artefactos de iluminación en refugio y boletería-NO CORERSPONDE | F25: =+D25*E25 -> 0
A26: 5.5 | B26: Cableado y Tablero Central, incluye Sala de Tablero Eléctrico. | C26: gl | D26: 1 | E26: =+#REF!+70000 -> #REF! | F26: =+D26*E26 -> #REF!
A27: 5.6 | B27: Protecciones | C27: U | D27: 2 | E27: =+#REF! -> #REF! | F27: =+D27*E27 -> #REF!
A28: 6 | B28: ACCESOS
A29: 6.1 | B29: Ejecución de solados existentes | C29: m2 | D29: 160 | E29: =+#REF! -> #REF! | F29: =+D29*E29 -> #REF!
A30: 6.2 | B30: Ejecución rampa para personas con movilidad reducida | C30: u | D30: 2 | E30: =+#REF! -> #REF! | F30: =+D30*E30 -> #REF!
A31: 6.3 | B31: Reacondicionamiento de desagües | C31: gl | D31: 1 | E31: 50000 | F31: =+D31*E31 -> 50000
A32: 7 | B32: CERRAMIENTO
A33: 7.1 | B33: Alambrado de 5 hilos entrevías | C33: ml | D33: 180 | E33: =+#REF! -> #REF! | F33: =+D33*E33 -> #REF!
B34: SUBTOTAL SIN IVA | F34: =SUM(F9:F33) -> #REF!
B35: IVA 21% | F35: =0.21*F34 -> #REF!
B36: TOTAL | F36: =+F34+F35 -> #REF! | G36: =+F34/D18 -> #REF!

Sheet UNIV (2)
A1: OBRA: | B1: ADECUACION DE ESTACIONES Y APEADEROS- SECTOR 2
B2: UNIVERSIDAD DE LUJAN KM 64,900
B3: MORENO-MERCEDES | M3: accesos
B4: LÍNEA SARMIENTO | L4: def | M4: long | N4: ancho
A5: PLANILLA DE COTIZACIÓN | L5: 1 | M5: 12.5 | N5: 2.5 | O5: =+M5*N5 -> 31.25
L6: 2 | M6: 12.5 | N6: 2.5 | O6: =+M6*N6 -> 31.25
A7: Item | B7: Rubro | C7: Unid. | D7: Cantidad | E7: Precio Unitario | F7: Precio Total | L7: 3 | M7: 10.2 | N7: 2.5 | O7: =+M7*N7 -> 25.5
A8: 1 | B8: TAREAS PREVIAS | L8: 4 | M8: 10.2 | N8: 2.5 | O8: =+M8*N8 -> 25.5
A9: 1.1 | B9: Obrador | C9: gl | D9: 1 | F9: =+D9*E9 -> 0 | O9: =SUM(O5:O8) -> 113.5
A10: 1.2 | B10: Limpieza, demoliciones, vallado, señalización | C10: gl | D10: 1 | F10: =+D10*E10 -> 0
A11: 2 | B11: INGENIERÍA DE OBRA, PROYECTO EJECUTIVO
A12: 2.1 | B12: Proyecto ejecutivo | C12: gl | D12: 1 | F12: =+D12*E12 -> 0
A13: 3 | B13: BOLETERIA
B14: Construcción de boletería | C14: gl | D14: 1 | F14: =+D14*E14 -> 0
A15: 4 | B15: REFUGIOS
A16: 4.1 | B16: Reacondicionamiento General | C16: u | D16: 2 | F16: =+D16*E16 -> 0
A17: 5 | B17: ANDENES
A18: 5.1 | B18: Demolición anden existente | C18: gl | D18: 1 | F18: =+D18*E18 -> 0
A19: 5.2 | B19: Construcción de anden nuevo | C19: m2 | D19: =160*2*2.5 -> 800 | F19: =+D19*E19 -> 0
A20: 5.3 | B20: Bordes reglamentarios | C20: m2 | D20: =160*2 -> 320 | F20: =+D20*E20 -> 0
A21: 5.4 | B21: Colocación de Equipamiento y Señaletica | C21: gl | D21: 1 | F21: =+D21*E21 -> 0 | G21: =SUM(F18:F21) -> 0 | H21: =+G21/D19 -> 0
A22: 6 | B22: ILUMINACIÓN
A23: 6.1 | B23: Proyecto y Documentación (INCLUIDO EN EL PROYECTO DE APEADERO)
A24: 6.2 | B24: Construcción de Cañeros | C24: m | D24: =160*2+20 -> 340 | F24: =+D24*E24 -> 0
A25: 6.3 | B25: Provisión y colocación de columnas y artefactos de iluminación en andenes | C25: U. | D25: 18 | F25: =+D25*E25 -> 0
A26: 6.4 | B26: Provisión y colocación de artefactos de iluminación en refugio y boletería | C26: gl | D26: 1 | F26: =+D26*E26 -> 0
A27: 6.5 | B27: Cableado y Tablero Central, incluye Cabina de Tablero Eléctrico. | C27: gl | D27: 1 | F27: =+D27*E27 -> 0
A28: 6.6 | B28: Protecciones | C28: gl | D28: 1 | F28: =+D28*E28 -> 0
A29: 7 | B29: ACCESOS
A30: 7.1 | B30: Ejecución de solados | C30: m2 | D30: 50 | F30: =+D30*E30 -> 0
A31: 7.2 | B31: Ejecución rampa para personas con movilidad reducida | C31: u | D31: 2 | F31: =+D31*E31 -> 0
A32: 7.3 | B32: Reacondicionamiento de desagües | C32: gl | D32: 1 | F32: =+D32*E32 -> 0
A33: 7.4 | B33: Ejecución de Paso Peatonal | C33: u | D33: 1 | F33: =+D33*E33 -> 0
A34: 8 | B34: CERRAMIENTO
A35: 8.1 | B35: Alambrado de 5 hilos entrevías | C35: ml | D35: 180 | F35: =+D35*E35 -> 0
B36: SUBTOTAL SIN IVA | F36: =SUM(F9:F35) -> 0
B37: IVA 21% | F37: =0.21*F36 -> 0
B38: TOTAL | F38: =+F36+F37 -> 0 | G38: =+F36/D19 -> 0
